 Dungeon Crawl Stone Soup version 0.31.0-11-ge490571c62 (webtiles) character file.

Game seed: 9121724131357578949

1504123 PAMOHbI411 the Intangible (level 26, 160/160 HPs)
             Began as a Spriggan Hexslinger on Jan 28, 2024.
             Was the Champion of Dithmenos.
             Escaped with the Orb
             ... and 3 runes!
             The game lasted 03:02:58 (87955 turns).

PAMOHbI411 the Intangible (Spriggan Hexslinger)    Turns: 87955, Time: 03:02:59

Health: 160/160    AC:  6    Str:  8    XL:     26   Next: 58%
Magic:  42/42      EV: 48    Int: 19    God:    Dithmenos [******]
Gold:   6786       SH:  8    Dex: 25    Spells: 17/37 levels left

rFire   + + +        N - +9 hand cannon (freeze)
rCold   + + .        D - +1 buckler {rF+}
rNeg    + . .        y - +2 robe {rC+ rF+}
rPois   +            r - +2 hat {Stlth+}
rElec   +            S - scarf of the Elephant {rC+ rF+, +Inv}
rCorr   +            (gloves unavailable)
SInv    +            (boots unavailable)
Will    ++++.        g - amulet of regeneration
Stlth   +++++        F - ring "Umporghab" {rElec rN+ rCorr MP+9 Int+2}
HPRegen 1.26/turn    P - ring of poison resistance
MPRegen 0.28/turn

%: no passive effects
@: wreathed by umbra, very quick
A: very small, no large weapons, unfitting armour, see invisible, speed 3,
poison resistance, strong 1, MP-powered wands
0: Orb of Zot
}: 3/15 runes: decaying, slimy, gossamer
a: Renounce Religion, Evoke Invisibility, Shadow Step, Shadow Form


You escaped.
You worshipped Dithmenos.
Dithmenos was exalted by your worship.
You visited 12 branches of the dungeon, and saw 56 of its levels.
You also visited: Sewer and Volcano.

You collected 8908 gold pieces.
You spent 2122 gold pieces at shops.


Innate Abilities, Weirdness & Mutations

You are very small and have problems with some larger weapons.
You are too small for most types of armour.
You have supernaturally acute eyesight. (SInv)
You cover ground extremely quickly. (Speed+++)
Your system is resistant to poisons. (rPois)
Your muscles are strong. (Str +4, Int/Dex -1)
You expend magic power (3 MP) to strengthen your wands.


   Skills:
 + Level 23.3 Fighting
 + Level 26.4 Ranged Weapons
 - Level 10.0 Armour
 O Level 27 Dodging
 - Level 15.0 Stealth
 - Level 8.0 Shields
 - Level 6.0 Spellcasting
 - Level 15.5 Hexes
 - Level 8.0 Translocations
 - Level 0.7 Fire Magic
 - Level 5.0 Alchemy


You had 17 spell levels left.
You knew the following spells:

 Your Spells              Type           Power      Damage    Failure   Level
b - Blink                 Tloc           72%        N/A       1%          2
y - Yara's Violent Unrav  Hex/Alch       22%        3d10      6%          5
X - Jinxbite              Hex            100%       N/A       1%          2
Y - Dimensional Bullseye  Hex/Tloc       25%        N/A       1%          4
Z - Enfeeble              Hex            29%        N/A       22%         7

Your spell library contained the following spells:

 Spells                   Type           Power      Damage    Failure   Level
 Apportation              Tloc           72%        N/A       1%          1
 Slow                     Hex            100%       N/A       1%          1
 Lesser Beckoning         Tloc           72%        N/A       1%          2
 Confusing Touch          Hex            59%        N/A       1%          3
 Gell's Gravitas          Tloc           36%        N/A       1%          3
 Inner Flame              Hex/Fire       36%        N/A       1%          3
 Sigil of Binding         Hex            59%        N/A       1%          3
 Teleport Other           Tloc           36%        N/A       1%          3
 Tukima's Dance           Hex            59%        N/A       1%          3
 Cause Fear               Hex            29%        N/A       1%          4
 Momentum Strike          Conj/Tloc      40%        3d9       4%          2
 Sting                    Conj/Alch      60%        1d6       5%          1
 Anguish                  Hex/Necr       17%        N/A       6%          4
 Manifold Assault         Tloc           36%        N/A       6%          4
 Mercury Vapours          Alch/Air       30%        N/A       9%          2
 Foxfire                  Conj/Fire      28%        2x1d5     14%         1
 Kiss of Death            Conj/Necr      20%        2d7       16%         1
 Magic Dart               Conj           20%        1d4       16%         1
 Sandblast                Erth           10%        2d5       16%         1
 Scorch                   Fire           16%        2d5       19%         2
 Metabolic Englaciation   Hex/Ice        17%        N/A       19%         5
 Olgreb's Toxic Radiance  Alch           24%        N/A       21%         4
 Call Imp                 Summ           10%        N/A       24%         2
 Static Discharge         Conj/Air       10%        3-4/arc   24%         2
 Sublimation of Blood     Necr           5%         N/A       24%         2
 Mephitic Cloud           Conj/Alch/Air  12%        N/A       24%         3
 Iskenderun's Mystic Bla  Conj/Tloc      20%        2d6       30%         4
 Vhi's Electric Charge    Tloc/Air       40%        N/A       30%         4
 Ozocubu's Armour         Ice            5%         N/A       43%         3
 Passwall                 Erth           5%         N/A       43%         3
 Stone Arrow              Conj/Erth      10%        3d7       43%         3
 Summon Ice Beast         Ice/Summ       5%         N/A       43%         3
 Vampiric Draining        Necr           5%         2d6       43%         3
 Ignite Poison            Fire/Alch      16%        N/A       43%         4
 Leda's Liquefaction      Alch/Erth      7%         N/A       50%         4
 Petrify                  Alch/Erth      15%        N/A       50%         4
 Alistair's Intoxication  Alch           16%        N/A       50%         5
 Dispersal                Tloc           18%        N/A       65%         6
 Flame Wave               Conj/Fire      7%         2d5       80%         4
 Summon Blazeheart Golem  Fire/Summ      7%         N/A       80%         4
 Airstrike                Air            2%         2d(1-17)  83%         4
 Animate Dead             Necr           5%         N/A       83%         4
 Brom's Barrelling Bould  Conj/Erth      5%         2d3       83%         4
 Dispel Undead            Necr           5%         3d7       83%         4
 Martyr's Knell           Necr/Summ      5%         N/A       83%         4
 Summon Lightning Spire   Summ/Air       5%         N/A       83%         4
 Irradiate                Conj/Alch      7%         3d14      83%         5
 Discord                  Hex            29%        N/A       87%         8
 Fireball                 Conj/Fire      3%         3d4       98%         5
 Arcjolt                  Conj/Air       2%         1d12      99%         5
 Freezing Cloud           Conj/Ice/Air   2%         6-21      99%         5
 Iskenderun's Battlesphe  Conj           5%         2d6       99%         5
 Lee's Rapid Deconstruct  Erth           2%         3d5*      99%         5
 Bombard                  Conj/Erth      2%         9d1       100%        6
 Conjure Ball Lightning   Conj/Air       2%         3x3d6     100%        6
 Plasma Beam              Fire/Air       3%         2x1d13    100%        6
 Sculpt Simulacrum        Ice/Alch       7%         N/A       100%        6
 Starburst                Conj/Fire      3%         6d3       100%        6
 Summon Cactus Giant      Summ           2%         N/A       100%        6
 Haunt                    Necr/Summ      2%         N/A       100%        7
 Orb of Destruction       Conj           2%         9d5       100%        7
 Ozocubu's Refrigeration  Ice            2%         4d8       100%        7
 Spellforged Servitor     Conj/Summ      2%         N/A       100%        7
 Summon Hydra             Summ           2%         N/A       100%        7
 Borgnjor's Revivificati  Necr           2%         N/A       100%        8
 Ignition                 Fire           4%         3d4       100%        8
 Infestation              Necr           2%         N/A       100%        8
 Maxwell's Capacitive Co  Air            2%         ∞         100%        8
 Death's Door             Necr           2%         N/A       100%        9

Inventory:

Hand Weapons
 v - the +5 arbalest of Vokofev {penet, Int+2 SInv}
   (You found it on level 4 of the Vaults)

   Int+2:     It affects your intelligence (+2).
   SInv:      It lets you see invisible.
 N - a +9 hand cannon of freezing (weapon)
   (You found it on level 5 of the Pits of Slime)
Missiles
 d - 3 throwing nets {=f!f}
 B - 18 curare-tipped darts {=f}
Armour
 r - a +2 hat of stealth (worn)
   (You found it on level 1 of the Swamp)
 y - a +2 robe of resistance (worn)
   (You took it off Jorgrun on level 1 of the Swamp)
 D - a +1 buckler of fire resistance (worn)
   (You took it off a spriggan defender on level 3 of the Depths)
 S - the scarf of the Elephant (worn) {rC+ rF+, +Inv}
   (You bought it in a shop on level 2 of the Orcish Mines)

   +Inv:      It lets you turn invisible.
 W - the +6 faerie dragon scales {rCorr Stlth+}
   (You took it off the Enchantress on level 15 of the Dungeon)

   rCorr:     It protects you from acid and corrosion.
   Stlth+:    It makes you more stealthy.
Jewellery
 g - an amulet of regeneration (around neck)
   (You found it on level 5 of the Pits of Slime)
 j - the ring of Dopin {rF+ AC+4 Int+4}
   (You found it on level 2 of the Depths)

   [ring of protection]

   AC+4:      It affects your AC (+4).
   Int+4:     It affects your intelligence (+4).
   rF+:       It protects you from fire.
 A - the ring of the Pariah {rElec Will+ rCorr Dex+5}
   (You took it off a deep elf annihilator on level 3 of the Elven Halls)

   [ring of willpower]

   Dex+5:     It affects your dexterity (+5).
   rElec:     It insulates you from electricity.
   Will+:     It increases your willpower.
   rCorr:     It protects you from acid and corrosion.
 F - the ring "Umporghab" (left hand) {rElec rN+ rCorr MP+9 Int+2}
   (You found it on level 2 of the Depths)

   [ring of resist corrosion]

   Int+2:     It affects your intelligence (+2).
   rElec:     It insulates you from electricity.
   rN+:       It protects you from negative energy.
   MP+9:      It affects your magic capacity (+9).
   rCorr:     It protects you from acid and corrosion.
 G - an amulet of guardian spirit
   (You found it on level 7 of the Dungeon)
 K - the ring of Giuhuf {rN+ EV+5}
   (You took it off a deep elf sorcerer on level 3 of the Elven Halls)

   [ring of evasion]

   EV+5:      It affects your evasion (+5).
   rN+:       It protects you from negative energy.
 P - a ring of poison resistance (right hand)
   (You found it on level 2 of the Depths)
 Z - the amulet of Plog {Faith Rampage +Inv Int+4 Stlth+}
   (You took it off a tengu warrior on level 2 of the Depths)

   [amulet of faith]

   Faith:     It allows you to gain divine favour quickly.
   Int+4:     It affects your intelligence (+4).
   +Inv:      It lets you turn invisible.
   Rampage:   It bestows one free step when moving towards enemies.
   Stlth+:    It makes you more stealthy.
Wands
 o - a wand of light (23)
   (You found it on level 2 of the Lair of Beasts)
 Q - a wand of digging (4)
   (You found it on level 2 of the Spider Nest)
Scrolls
 a - 7 scrolls of fear
 b - 6 scrolls of poison {!r}
 h - 8 scrolls of teleportation {@r4}
 i - 10 scrolls of enchant armour
 l - 8 scrolls of amnesia
 p - 22 scrolls of identify {@r1}
 q - 6 scrolls of fog
 t - 6 scrolls of vulnerability {!r!r}
 x - 4 scrolls of enchant weapon
 C - 2 scrolls of blinking {!r}
 E - 3 scrolls of brand weapon
 I - 4 scrolls of revelation
 L - 4 scrolls of immolation {!r!r}
 O - a scroll of acquirement
 X - 2 scrolls of butterflies
 Y - a scroll of silence {!r!r}
Potions
 c - 7 potions of ambrosia
 e - 5 potions of haste {@q3}
 k - 8 potions of attraction {!q}
 m - 10 potions of mutation {!q}
 n - 3 potions of heal wounds {@q2}
 s - 14 potions of curing {@q1}
 w - 8 potions of cancellation
 z - 3 potions of might
 H - 4 potions of invisibility
 J - 3 potions of magic
 M - 9 potions of brilliance
 R - 3 potions of lignification {!q}
 U - 6 potions of enlightenment
 V - 7 potions of resistance
Miscellaneous
 f - a phial of floods
   (You found it on level 14 of the Dungeon)
 u - a phantom mirror
   (You found it on level 1 of the Vaults)
 T - a tin of tremorstones (2/2)
   (You found it on level 13 of the Dungeon)

Dungeon Overview and Level Annotations

Branches:
Dungeon (15/15)            Temple (1/1) D:7            Lair (5/5) D:11
  Swamp (4/4) Lair:2       Spider (4/4) Lair:3        Slime (5/5) Lair:4
    Orc (2/2) D:12            Elf (3/3) Orc:2        Vaults (5/5) D:13
  Crypt (3/3) Vaults:2       Tomb (0/3) Crypt:3      Depths (4/4) D:15
    Zot (5/5) Depths:4      Sewer (visited)         Volcano (visited)

Altars:
Ashenzari
Cheibriados
Dithmenos
Elyvilon
Fedhas
Gozag
Hepliaklqana
Kikubaaqudgha
Makhleb
Nemelex Xobeh
Okawaru
Qazlal
Ru
Sif Muna
Trog
Uskayaw
Vehumet
Wu Jian
Xom
Yredelemnul
Zin
The Shining One
Jiyva

Shops:
D:9 (   Orc:1 =   Orc:2 (=([   Elf:1 *   Elf:2 !   Elf:3 :==   Vaults:1 ((
Vaults:2 (

Portals:
Hell: Depths:1 Depths:2 Depths:3 Depths:4
Abyss: Depths:3
Pandemonium: Depths:2
Ziggurat: Depths:2

Annotations:
Vaults:4 Zenata
Crypt:2 3 runed translucent doors, exclusion: obsidian statue, Fainec's ghost, veteran GrEE; Vv
Crypt:3 Mennas; Sojobo

#####.......##.###...#########.#
##........)..###.#.#............#
#...##........................###
..#.####..##3........########.#
#...# #..#8.........8# #.# #####
####...8...8...#######.#
#8.........8#....##.#
##.........##....##.###
####8@8#####.......... #####
############....##.### )...#
#...............##.# ###.#
#.#.#...##..######.# #.#
#.#.#.####.........# #.# #.#....#
#.######### ###.# #....#.# #.#
....# #......# #.# #####
#...######.#


You could see a soul eater.


Message History

You see here a +0 arbalest.
Aiming: Dig
Press: ? - help, Q - select action, (/) - cycle Shift-Dir - straight line You can't see that place. [the floor.]
You feel a surge of power!
The rock shatters into small pieces.
Unknown command.
You see here 5 stones.
There is a staircase back to the Dungeon, spattered with blood here.
You climb upwards.
Welcome back to the Dungeon!
There is a staircase to the Depths, spattered with blood here.
Things that are here:
a +0 troll leather armour; a +0 troll leather armour
There is an open door here.
There is an open door here.
There is a stone staircase leading up, spattered with blood here.
You climb upwards.
There is a stone staircase leading down here.
Things that are here:
a +0 ring mail; a +0 battleaxe
There is an open door, spattered with blood here.
You see here a +0 robe.
Things that are here:
a +0 buckler; a +0 scimitar; a +0 leather armour
There is a stone staircase leading up, spattered with blood here.
You see here a +0 glaive of venom.
You climb upwards.
There is a stone staircase leading down here. 3 hellwings come into view.
The hellwing gives a chilling moan.
A hellwing comes into view.
There is a stone staircase leading up here.
You climb upwards.
There is a stone staircase leading down here.
There is a stone staircase leading up here.
You climb upwards.
There is a stone staircase leading down here.
There is a stone staircase leading up here.
You climb upwards.
There is a stone staircase leading down here.
There is an open door here.
There is an open door here.
A Hell Sentinel comes into view.
There is an open door here.
There is an open door here.
There is a stone staircase leading up here.
You climb upwards.
There is a stone staircase leading down here.
There is a stone staircase leading up here.
You climb upwards.
There is a stone staircase leading down here.
There is an open door here.
A hellion comes into view.
There is a stone staircase leading up here.
You climb upwards.
There is a stone staircase leading down here.
There is a stone staircase leading up here.
You climb upwards.
There is a stone staircase leading down here.
A Vousom and a smoke demon come into view.
There is an escape hatch in the ceiling here.
Unknown command.
Vousom gestures at you.
Vousom conjures a mighty blast of ice!
The great icy blast engulfs you!!! You partially resist.
You are encased in ice.
A mysterious force pulls you upwards. The hatch slams shut behind you.
Unknown command.
Unknown command.
The ice encasing you melts away.
There is a stone staircase leading up here.
You climb upwards.
There is a stone staircase leading down here.
There is a stone staircase leading up here.
You climb upwards.
There is a stone staircase leading down here.
There is an open door here.
There is a stone staircase leading up here.
You climb upwards.
There is a stone staircase leading down here. 4 hellwings come into view.
The hellwing gives a chilling moan.
A hellwing comes into view.
A hellion comes into view.
A hellion is nearby!
Fire: N) +9 hand cannon (freeze)
Press: ? - help, Q - select action, (/) - cycle Shift-Dir - straight line, f - hellion
Aim: a hellion (umbra, 82% to hit)
You shoot a bolt. The bolt hits the hellion!!!
The bolt freezes the hellion.
You kill the hellion!
Dithmenos accepts your kill.
Your shadow shoots a bolt.
There is a stone staircase leading up here.
You climb upwards.
There is a stone staircase leading down here.
You see here a +0 robe.
A soul eater comes into view.
There is a staircase leading out of the dungeon here.
The soul eater draws from the surrounding life force!
You have escaped!

Skill      XL: |  1  2  3  4  5  6  7  8  9 10 11 12 13 14 15 16 17 18 19 20 21 22 23 24 25 26 |
---------------+-------------------------------------------------------------------------------+-----
Ranged Weapons | 3 4 5 6 8 10 12 13 15 18 19 20 21 23 25 26 | 26.4
Fighting       | 1 3 5 6 7 8 10 14 15 16 18 19 20 21 22 23 | 23.3
Stealth        | 3 6 8 11 12 15 | 15.0
Dodging        | 4 6 8 9 12 13 14 15 20 21 23 25 27 | 27.0
Armour         | 5 7 9 10 | 10.0
Translocations | 8 |  8.0
Spellcasting   | 6 |  6.0
Alchemy        | 5 |  5.0
Hexes          | 10 12 13 15 | 15.5
Shields        | 7 8 |  8.0
Fire Magic     | |  0.7

Action                     |  1- 3 |  4- 6 |  7- 9 | 10-12 | 13-15 | 16-18 | 19-21 | 22-24 | 25-27 || total
---------------------------+-------+-------+-------+-------+-------+-------+-------+-------+-------++-------
  Melee: Shortbow          |       |       |       |       |       |     1 |       |       |       ||     1
   Fire: Sling             |   107 |   276 |   353 |       |       |       |       |       |       ||   736
         Shortbow          |       |       |   109 |   199 |  1097 |  2164 |  1676 |       |       ||  5245
         Orcbow            |       |       |       |   660 |       |       |       |       |       ||   660
         Arbalest          |       |       |       |   164 |    74 |       |   716 |  1893 |       ||  2847
         Hand cannon       |       |       |       |       |       |       |       |   280 |   991 ||  1271
   Cast: Jinxbite          |       |    12 |    28 |     9 |       |     1 |       |       |       ||    50
         Yara's Violent Un |       |       |       |       |       |       |     9 |     8 |       ||    17
         Blink             |       |       |       |       |       |       |     1 |     3 |     4 ||     8
         Dimensional Bulls |       |       |       |       |       |       |       |       |     1 ||     1
 Invoke: Shadow Step       |       |       |       |       |       |       |       |     1 |       ||     1
  Evoke: Wand              |       |       |       |    13 |     1 |     5 |     8 |     5 |     5 ||    37
         Phantom mirror    |       |       |       |       |       |       |     1 |       |     1 ||     2
    Use: Scroll            |       |       |       |    11 |    16 |    16 |    13 |    17 |     2 ||    75
         Potion            |       |       |       |       |     2 |    12 |    10 |    17 |    10 ||    51
 Armour: Robe              |    18 |    37 |    66 |   128 |   171 |   487 |   348 |   190 |   163 ||  1608
         Acid dragon scale |       |       |       |       |       |       |    30 |   224 |       ||   254
  Dodge: Dodged            |    38 |    95 |   191 |   581 |   756 |  2637 |  2070 |  2051 |   577 ||  8996
  Block: Buckler           |       |       |       |       |       |       |       |    52 |   168 ||   220

Levels and vault maps discovered:
D:1:      mrwooster_arrival_statue_2, layout_loops_ring
D:2:      layout_loops_ring, hellmonk_ecumenical_altar_arch_garden,
          minmay_lizard_king
D:3:      layout_basic, cheibrodos_sewer_entry_drain, minivault_14,
          chequers_hall_statues_wall_a, grunt_ministairs_5,
          minmay_misc_feat_room, hellmonk_no_cap
D:4:      layout_loops_ring, minmay_cupped
D:5:      layout_cave_pools, columned_hall_lemuel, uniq_sigmund, uniq_ijyb,
          uniq_menkaure, uniq_duvessa, uniq_edmund
D:6:      layout_basic, kennysheep_generic_room_3
D:7:      layout_basic, minmay_temple_entry_ruins
D:8:      layout_basic, mainiacjoe_overflow_alcove_4,
          lemuel_zombie_altar_kikubaaqudgha, eino_jars, uniq_prince_ribbit1
D:9:      layout_roguey, serial_shops, shop, uniq_harold
D:10:     layout_roguey, uniq_sonja
D:11:     layout_loops_ring, dpeg_lair_monsters, uniq_maurice
D:12:     layout_long_grid, zombieorc2_lemuel, nicolae_figureground_pulse,
          uniq_urug
D:13:     layout_cave_pools, hellmonk_vaults_attempted_burglary,
          kennysheep_decorative_pillar
D:14:     layout_roguey [special_room_orc], bloody_makhleb,
          gammafunk_ghost_fury_of_okawaru, chequers_garden, st_stairs_10,
          uniq_kirke, uniq_nessos
D:15:     hangedman_depths_entry_civil_slaughter, layout_long_grid
Temple:   nicolae_temple_bog_church
Lair:1:   layout_cave_pods, nicolae_volcano_entry_hallway, beast_lair_carwin_6
Lair:2:   layout_chaotic_city, minmay_swamp_entry_worms,
          infiniplex_staircase_pool_2, uniq_erica
Lair:3:   layout_gridlike, hellmonk_spider_entry_not_the_bees, uniq_snorg,
          uniq_fannar
Lair:4:   layout_small_grid, dpeg_slime_entry_enclosed, wad_woods_03
Lair:5:   grunt_lair_end_beastmaster, layout_long_grid,
          cheibrodos_lair_lostbears
Swamp:1:  layout_basic_swamp, hangedman_swamp_cone, uniq_jorgrun
Swamp:2:  layout_falls_marsh, evilmike_swamp_ruin_house_1
Swamp:3:  layout_basic_swamp, evilmike_swamp_ruin_house_3
Swamp:4:  nzn_swamp_witches_coven, layout_basic_swamp, swamp_pool_1_2,
          worms_lemuel, nicolae_swamp_decorative_isthmus
Spider:1: layout_spider_delve, hellmonk_deceptive_appearances
Spider:2: nicolae_spider_hilbert_zone_4 [nicolae_spider_hilbert_4_sides_2_open,
          nicolae_spider_hilbert_4_sides_1_open,
          nicolae_spider_hilbert_4_sides_1_open,
          nicolae_spider_hilbert_4_sides_1_open,
          nicolae_spider_hilbert_4_sides_1_open,
          nicolae_spider_hilbert_2_sides_1_open,
          nicolae_spider_hilbert_2_sides_1_open,
          nicolae_spider_hilbert_2_sides_1_open,
          nicolae_spider_hilbert_2_sides_1_open,
          nicolae_spider_hilbert_6_sides_1_open,
          nicolae_spider_hilbert_6_sides_1_open,
          nicolae_spider_hilbert_3_sides_1_open,
          nicolae_spider_hilbert_3_sides_1_open], special_room
Spider:3: nicolae_orb_stairs_large, hellmonk_ghost_happy_afterlife,
          spiders_nest_the_unseen
Spider:4: guppyfry_spider_rune, uniq_arachne
Slime:1:  cheibrodos_slime_lost_civilization_2, layout_caves
Slime:2:  layout_caves
Slime:3:  layout_caves
Slime:4:  layout_caves
Slime:5:  slime_pit
Orc:1:    layout_diamond_mine, serial_shops, nicolae_square_shop, basic_altar
Orc:2:    st_orc_rangers, layout_caves, basic_altar, uniq_saint_roka
Elf:1:    eino_elf_arrival_shootout, layout_loops_ring, grunt_ministairs_15,
          minmay_fountain_box, drop_trap, monkooky_shop_alliterative
Elf:2:    elven_hall_of_blades_hangedman_alternative
          [nooodl_blade_entry_preview], layout_geoelf_grid, serial_shops,
          nicolae_shop_industrial_runoff, lemuel_upstairs_altar
Elf:3:    minmay_elf_hall_not_hex, layout_gridlike, grunt_megastairs_2,
          minmay_shop_grove, uniq_asterion, uniq_donald
Vaults:1: nicolae_vaults_trapezoid_2, vaults_room_corners, hangedman_vaults_hat,
          ontoclasm_vaults_gateway, v_misc_4, hangedman_vaults_stream,
          dpeg_vaults_monster_box, ontoclasm_vaults_ligature,
          nicolae_vaults_rhombus_5, nicolae_vaults_heart-shaped_vault,
          v_misc_13, layout_vaults_omnicross, serial_shops,
          nicolae_shop_tiny_waterfront
Vaults:2: ontoclasm_vaults_spin, minmay_crypt_entry_necro_gods,
          nicolae_vaults_alarming, v_alt_pattern_1, hangedman_vaults_slither,
          nicolae_vaults_stairing_the_circle, nicolae_vaults_spaceships,
          v_misc_27, nicolae_vaults_tetromino_L_2,
          nicolae_vaults_layer_cake_slice, layout_vaults_ring, serial_shops,
          shop
Vaults:3: vaults_room_pool, hangedman_vaults_trim, v_pattern_5,
          nicolae_vaults_diamond_2, layout_vaults_quadrants
Vaults:4: nicolae_vaults_trapezoid_lopsided_4, v_alt_pattern_6, v_misc_31,
          nicolae_vaults_yaktaur_gun_rack, nicolae_vaults_cornered_office,
          nicolae_vaults_lightning_bolt, vaults_room_door_ring,
          nicolae_vaults_shelves_hall, hangedman_vaults_corner,
          vaults_room_grunt_arrival_ludios, nicolae_vaults_shelves_hall,
          hangedman_vaults_corner_blocks, layout_vaults_omnibox, uniq_zenata
Vaults:5
Crypt:1:  layout_gridlike, st_stairs_13, uniq_josephina
Crypt:2:  layout_chaotic_city, ebering_ghost_gozag, nicolae_elevator_lobby_plus,
          uniq_vv, uniq_margery
Crypt:3:  david_glass_crypt, layout_basic, minivault_4, uniq_mennas, uniq_sojobo
Depths:1: evilmike_negative_zone, layout_twisted_cross, mu_enter_wizlab_7,
          nicolae_hell_entry_hellmouth_sunbeams,
          eino_small_chamber_without_monster,
          nicolae_ru_great_annihilating_truth, uniq_enchantress
Depths:2: minmay_the_grid_3x2 [minmay_the_grid_pillar_ring,
          minmay_the_grid_aliased_spiral, minmay_the_grid_artifice,
          minmay_the_grid_diamond_grid, minmay_the_grid_slots,
          minmay_the_grid_prize_shrinking_boxes], layout_honeycomb,
          ziggurat_fallback, grunt_pan_entry_sceptre, minmay_holes,
          hangedman_coc_ice_floe, zin_academy
Depths:3: radiant_caverns_b_rkd, serial_shops, hell_entry, abyss_entry
Depths:4: grunt_x_marks_the_spot, layout_honeycomb, hell_entry,
          amcnicky_mini_rare_corridor_liquid
Zot:1:    layout_twisted_circle
Zot:2:    layout_gridlike, regret_index_zotdec_gossamer_gf,
          st_single_dragon_hoard_2, grunt_ministairs_7
Zot:3:    layout_misc_corridors, hangedman_zot_gyre, nicolae_zot_crop_circle
Zot:4:    layout_basic
Zot:5:    layout_misc_corridors, grunt_megastairs_4

Notes
Turn   | Place    | Note
-------+----------+-------------------------------------------
     0 | D:1      | PAMOHbI411 the Spriggan Hexslinger began the quest for the
                  | Orb.
     0 | D:1      | Reached XP level 1. HP: 9/9 MP: 3/3
   105 | D:1      | Reached XP level 2. HP: 12/14 MP: 5/5
   276 | D:1      | Reached skill level 3 in Ranged Weapons
   465 | D:1      | Reached XP level 3. HP: 17/17 MP: 6/6
   745 | D:2      | Reached skill level 4 in Ranged Weapons
   782 | D:2      | Reached XP level 4. HP: 20/21 MP: 7/7
   836 | D:2      | Found a faded altar of an unknown god.
   897 | D:2      | Reached skill level 5 in Ranged Weapons
   897 | D:2      | Reached skill level 1 in Fighting
   952 | D:2      | Reached XP level 5. HP: 19/25 MP: 8/8
  1167 | D:2      | Reached skill level 2 in Fighting
  1432 | D:2      | Learned a level 2 spell: Jinxbite
  1590 | D:3      | Found a glowing drain.
  1620 | Sewer    | Entered a sewer
  1640 | Sewer    | Reached skill level 3 in Fighting
  1690 | Sewer    | Reached XP level 6. HP: 32/32 MP: 9/9
  1697 | Sewer    | Reached skill level 1 in Stealth
  1704 | Sewer    | Reached skill level 3 in Dodging
  1893 | Sewer    | Reached skill level 2 in Stealth
  1967 | Sewer    | Reached skill level 3 in Stealth
  2339 | D:3      | Reached skill level 4 in Dodging
  2692 | D:4      | Reached XP level 7. HP: 36/36 MP: 7/10
  2789 | D:4      | Reached skill level 4 in Stealth
  2800 | D:4      | You add the spells Vhi's Electric Charge, Arcjolt and
                  | Maxwell's Capacitive Coupling to your library.
  3095 | D:4      | Reached skill level 5 in Dodging
  3128 | D:4      | Reached skill level 6 in Ranged Weapons
  3128 | D:4      | Reached skill level 5 in Stealth
  3376 | D:5      | Entered Level 5 of the Dungeon
  3423 | D:5      | Noticed Menkaure
  3430 | D:5      | Killed Menkaure
  3431 | D:5      | Reached skill level 6 in Stealth
  3440 | D:5      | Reached skill level 6 in Dodging
  3440 | D:5      | Reached XP level 8. HP: 24/40 MP: 7/11
  3604 | D:5      | Noticed Ijyb
  3621 | D:5      | Killed Ijyb
  3706 | D:5      | Noticed Edmund
  3852 | D:5      | Reached skill level 7 in Stealth
  3866 | D:5      | You add the spells Sting, Mercury Vapours and Olgreb's
                  | Toxic Radiance to your library.
  3888 | D:5      | Noticed Dowan
  3889 | D:5      | Noticed Duvessa
  4024 | D:5      | Reached skill level 7 in Ranged Weapons
  4191 | D:5      | Noticed Sigmund
  4194 | D:5      | Killed Sigmund
  4195 | D:5      | Reached skill level 7 in Dodging
  4254 | D:5      | Killed Edmund
  4255 | D:5      | Reached skill level 8 in Stealth
  4383 | D:5      | Killed Duvessa
  4384 | D:5      | Reached skill level 8 in Dodging
  4388 | D:5      | Killed Dowan
  4428 | D:5      | Reached skill level 8 in Ranged Weapons
  4555 | D:5      | Reached XP level 9. HP: 44/44 MP: 12/12
  4812 | D:6      | Reached skill level 4 in Fighting
  5383 | D:7      | Reached skill level 5 in Fighting
  5561 | D:7      | You add the spells Brom's Barrelling Boulder, Iskenderun's
                  | Mystic Blast, Ignite Poison and Spellforged Servitor to
                  | your library.
  5561 | D:7      | Got the Handbook of Septic Percussion
  5739 | D:7      | Found a staircase to the Ecumenical Temple.
  5758 | Temple   | Entered the Ecumenical Temple
  5764 | Temple   | Became a worshipper of Dithmenos the Shadowed
  6043 | D:8      | Reached skill level 9 in Ranged Weapons
  6101 | D:8      | Found a burning altar of Makhleb.
  6353 | D:8      | Noticed a two-headed ogre
  6363 | D:8      | Killed a two-headed ogre
  6364 | D:8      | Reached skill level 10 in Ranged Weapons
  6430 | D:8      | Found an ancient bone altar of Kikubaaqudgha.
  6509 | D:8      | Reached * piety under Dithmenos
  6543 | D:8      | Reached XP level 10. HP: 48/51 MP: 11/13
  6593 | D:8      | Reached skill level 11 in Ranged Weapons
  6843 | D:8      | Noticed Prince Ribbit
  6848 | D:8      | Killed Prince Ribbit
  7025 | D:9      | Noticed Harold
  7027 | D:9      | Paralysed by Harold for 4 turns
  7088 | D:9      | Found Hanompih's Weapon Emporium.
  7339 | D:9      | You fall into a shaft and drop 2 floors!
  7407 | D:11     | Reached skill level 12 in Ranged Weapons
  7409 | D:11     | Noticed a death yak
  7409 | D:11     | Noticed a death yak
  7427 | D:11     | Noticed a two-headed ogre
  7530 | D:10     | Entered Level 10 of the Dungeon
  8048 | D:10     | Noticed Sonja
  8053 | D:10     | Killed Sonja
  8264 | D:10     | Reached skill level 9 in Dodging
  8276 | D:10     | Noticed a two-headed ogre
  8321 | D:10     | Killed a two-headed ogre
  8321 | D:10     | Reached ** piety under Dithmenos
  8322 | D:10     | Reached skill level 6 in Fighting
  8913 | D:11     | Noticed a two-headed ogre
  8913 | D:11     | Noticed a two-headed ogre
  8913 | D:11     | Noticed a two-headed ogre
  8914 | D:11     | Noticed an ogre mage
  8943 | D:11     | Killed a two-headed ogre
  8944 | D:11     | Reached XP level 11. HP: 56/56 MP: 14/14
  9005 | D:11     | Noticed a boulder beetle
  9043 | D:11     | Killed a boulder beetle
  9044 | D:11     | Reached skill level 10 in Dodging
  9235 | D:11     | Noticed Maurice
  9255 | D:11     | Noticed a cyan ugly thing
  9291 | D:11     | Killed Maurice
  9322 | D:11     | Noticed a two-headed ogre
  9331 | D:11     | Killed a two-headed ogre
  9332 | D:11     | Reached skill level 13 in Ranged Weapons
  9373 | D:11     | Killed a cyan ugly thing
  9448 | D:11     | Found a staircase to the Lair.
  9461 | D:11     | Killed a two-headed ogre
  9462 | D:11     | Reached skill level 7 in Fighting
  9656 | D:11     | Noticed a two-headed ogre
  9674 | D:11     | Killed a two-headed ogre
  9675 | D:11     | Reached skill level 11 in Dodging
  9681 | D:11     | HP: 9/58 [ogre mage/bolt of magma (33)]
 10019 | D:11     | Killed a two-headed ogre
 10044 | D:11     | Killed an ogre mage
 10216 | D:12     | Noticed a catoblepas
 10274 | D:11     | Killed a two-headed ogre
 10286 | D:11     | Noticed a death yak
 10322 | D:11     | Killed a death yak
 10384 | D:11     | Killed a death yak
 10385 | D:11     | Reached skill level 12 in Dodging
 10400 | D:11     | Killed a death yak
 10401 | D:11     | Reached XP level 12. HP: 59/64 MP: 13/15
 10591 | D:12     | Reached skill level 8 in Fighting
 10595 | D:12     | Reached *** piety under Dithmenos
 10692 | D:12     | Found a staircase to the Orcish Mines.
 10869 | D:12     | Killed a catoblepas
 10870 | D:12     | Reached skill level 14 in Ranged Weapons
 11032 | D:12     | Reached skill level 9 in Stealth
 11039 | D:12     | Reached **** piety under Dithmenos
 11123 | D:12     | Noticed Urug
 11208 | D:12     | Killed Urug
 11485 | Orc:1    | Entered Level 1 of the Orcish Mines
 11507 | Orc:1    | Found Tarphofuph's Jewellery Shoppe.
 11535 | Orc:1    | Noticed a two-headed ogre
 11558 | Orc:1    | Killed a two-headed ogre
 11559 | Orc:1    | Reached skill level 13 in Dodging
 11890 | Orc:2    | Entered Level 2 of the Orcish Mines
 11893 | Orc:2    | Reached skill level 10 in Stealth
 12364 | Orc:2    | Reached ***** piety under Dithmenos
 12612 | Orc:1    | Reached skill level 11 in Stealth
 12968 | Orc:2    | Reached skill level 15 in Ranged Weapons
 13089 | Orc:2    | Noticed Saint Roka
 13688 | Orc:2    | HP: 15/64 [Saint Roka/bolt (18)]
 13693 | Orc:2    | HP: 1/64 [Saint Roka/divine providence (10)]
 14120 | Orc:2    | Reached XP level 13. HP: 68/68 MP: 16/16
 14149 | Orc:2    | Found Deloprul's Antique Weapon Boutique.
 14149 | Orc:2    | Found Kazio's Jewellery Shoppe.
 14151 | Orc:2    | Found Giliulim's Antique Weapon Emporium.
 14153 | Orc:2    | Found Dacad's Armour Shop.
 14191 | Orc:2    | Found a staircase to the Elven Halls.
 14396 | Orc:2    | Reached skill level 16 in Ranged Weapons
 14448 | Orc:2    | Killed Saint Roka
 14746 | Orc:2    | Bought a masterwork shortbow for 248 gold pieces
 14746 | Orc:2    | Identified the +7 shortbow "Ikyr" {heavy, rPois Will+ Int+2
                  | Stlth+} (You bought it in a shop on level 2 of the Orcish
                  | Mines)
 14861 | Lair:1   | Entered Level 1 of the Lair of Beasts
 15265 | Lair:1   | Reached skill level 17 in Ranged Weapons
 15576 | Lair:1   | Reached ****** piety under Dithmenos
 15717 | Lair:1   | Found a dark tunnel.
 15725 | Volcano  | Entered a volcano
 15762 | Volcano  | Reached skill level 18 in Ranged Weapons
 15946 | Volcano  | Found a burning altar of Makhleb.
 15966 | Volcano  | Reached skill level 14 in Dodging
 16248 | Lair:2   | Reached skill level 12 in Stealth
 16301 | Lair:2   | Found a staircase to the Swamp.
 16319 | Lair:2   | Noticed Erica
 16326 | Lair:2   | Killed Erica
 16506 | Lair:2   | Reached XP level 14. HP: 74/74 MP: 17/17
 17501 | Lair:3   | Reached skill level 13 in Stealth
 17710 | Lair:3   | Noticed Fannar
 17723 | Lair:3   | Killed Fannar
 17724 | Lair:3   | Reached skill level 9 in Fighting
 17810 | Lair:3   | Noticed Snorg
 17821 | Lair:3   | Killed Snorg
 17822 | Lair:3   | Reached skill level 15 in Dodging
 17971 | Lair:3   | Found a hole to the Spider Nest.
 18508 | Lair:4   | Found a viscous altar of Jiyva.
 18508 | Lair:4   | Found a staircase to the Slime Pits.
 18701 | Lair:4   | Reached skill level 14 in Stealth
 19563 | Lair:5   | Entered Level 5 of the Lair of Beasts
 19876 | Lair:5   | Reached skill level 15 in Stealth
 19879 | Lair:5   | Reached skill level 10 in Fighting
 19883 | Lair:5   | Reached skill level 1 in Armour
 20151 | Lair:5   | Reached skill level 2 in Armour
 20303 | Lair:5   | Reached skill level 3 in Armour
 20622 | Lair:5   | Reached skill level 4 in Armour
 20871 | Lair:5   | You pick up a book of Party Tricks and begin reading...
 20871 | Lair:5   | You add the spells Apportation and Alistair's Intoxication
                  | to your library.
 20874 | Lair:5   | Identified the staff "Killer Bee's Peril" {rC- rN+ Necro
                  | Earth}
 21128 | D:13     | Reached skill level 5 in Armour
 21194 | D:13     | You pick up a book of Storms and begin reading...
 21194 | D:13     | You add the spells Static Discharge, Airstrike and Summon
                  | Lightning Spire to your library.
 21216 | D:13     | HP: 9/77 [slime creature (13)]
 21225 | D:13     | Reached XP level 15. HP: 11/80 MP: 3/18
 21953 | D:13     | Found a gate to the Vaults.
 21965 | D:13     | Reached skill level 16 in Dodging
 22073 | D:14     | Noticed Nessos
 22083 | D:14     | Killed Nessos
 22197 | D:14     | Found a burning altar of Makhleb.
 22214 | D:14     | Found a runed translucent gate.
 22221 | D:14     | Found a runed translucent gate.
 22222 | D:14     | Found a runed translucent gate.
 22401 | D:14     | Reached skill level 17 in Dodging
 22495 | D:14     | Noticed Kirke
 22509 | D:14     | Killed Kirke
 23068 | D:14     | Reached skill level 18 in Dodging
 23232 | D:14     | Noticed Cicylist's ghost (journeyman FoFi)
 23233 | D:14     | Found an iron altar of Okawaru.
 23233 | D:14     | Noticed a frost giant
 23241 | D:15     | Entered Level 15 of the Dungeon
 23279 | D:15     | Found a staircase to the Depths.
 23531 | D:15     | Reached skill level 19 in Dodging
 24220 | D:9      | Killed Harold
 24383 | Swamp:1  | Entered Level 1 of the Swamp
 24445 | Swamp:1  | Noticed a thorn hunter
 24461 | Swamp:1  | Killed a thorn hunter
 24639 | Swamp:1  | Reached skill level 20 in Dodging
 24968 | Swamp:1  | Noticed a thorn hunter
 24973 | Swamp:1  | Killed a thorn hunter
 25107 | Swamp:1  | Reached XP level 16. HP: 85/86 MP: 19/19
 25117 | Swamp:1  | Noticed Jorgrun
 25126 | Swamp:1  | Killed Jorgrun
 25288 | Swamp:1  | Identified the +1 chain mail "Noesaem" {Rampage rElec rF+
                  | Regen+ Int-4}
 25296 | Swamp:1  | Reached skill level 11 in Fighting
 25305 | Swamp:1  | HP: 16/87 [spriggan rider/+0 spear (10)]
 26523 | Swamp:2  | You pick up a book of Scorching and begin reading...
 26523 | Swamp:2  | You add the spells Scorch, Flame Wave and Summon Cactus
                  | Giant to your library.
 26882 | Swamp:3  | Reached skill level 12 in Fighting
 27445 | Swamp:2  | HP: 12/90 [spriggan air mage/bolt of lightning (29)]
 27699 | Swamp:3  | You pick up a book of Dangerous Friends and begin
                  | reading...
 27699 | Swamp:3  | You add the spells Summon Blazeheart Golem and Orb of
                  | Destruction to your library.
 28157 | Swamp:3  | You pick up a book of Blood and begin reading...
 28157 | Swamp:3  | You add the spells Call Imp, Sublimation of Blood and
                  | Summon Hydra to your library.
 28165 | Swamp:3  | Noticed a tentacled monstrosity
 28178 | Swamp:3  | Killed a tentacled monstrosity
 28179 | Swamp:3  | Reached skill level 13 in Fighting
 28382 | Spider:1 | Entered Level 1 of the Spider Nest
 29224 | Spider:1 | Reached skill level 14 in Fighting
 30360 | Spider:2 | Reached XP level 17. HP: 98/98 MP: 20/20
 30910 | Spider:2 | Reached skill level 15 in Fighting
 31375 | Spider:2 | HP: 14/99 [spark wasp (13)]
 33203 | Spider:2 | HP: 13/96 [pharaoh ant (24)]
 33617 | Spider:2 | Reached skill level 6 in Armour
 34033 | Spider:3 | You add the spells Mephitic Cloud and Petrify to your
                  | library.
 34033 | Spider:3 | Got the Catalogue of Chthonic Concoctions
 34299 | Spider:3 | Found a runed translucent door.
 34299 | Spider:3 | Noticed iishen's ghost (adept CeHu)
 34344 | Spider:3 | Found a large runed translucent door.
 34344 | Spider:3 | Found a large runed translucent door.
 34356 | Spider:3 | Reached skill level 21 in Dodging
 34924 | Spider:3 | Killed iishen's ghost
 35025 | Spider:4 | Entered Level 4 of the Spider Nest
 35074 | Spider:4 | Noticed Arachne
 35246 | Spider:4 | Reached skill level 7 in Armour
 35297 | Spider:3 | Killed Arachne
 37058 | Spider:4 | Reached XP level 18. HP: 98/104 MP: 19/21
 37099 | Spider:4 | HP: 8/104 [disintegration (48)]
 38135 | Spider:4 | Reached skill level 8 in Armour
 38135 | Spider:4 | Reached skill level 22 in Dodging
 38292 | Spider:4 | Got a gossamer rune of Zot
 38952 | Swamp:4  | Entered Level 4 of the Swamp
 39098 | Swamp:4  | You pick up a book of Minor Magic and begin reading...
 39098 | Swamp:4  | You add the spells Magic Dart and Blink to your library.
 40056 | Swamp:4  | Reached skill level 19 in Ranged Weapons
 40109 | Swamp:4  | HP: 22/104 [blizzard demon] (5)]
 40689 | Swamp:4  | Got a decaying rune of Zot
 41601 | D:14     | Killed Cicylist's ghost
 41612 | D:14     | Reached skill level 9 in Armour
 42028 | Orc:2    | Bought the scarf of the Elephant {rC+ rF+, +Inv} for 748
                  | gold pieces
 42057 | Elf:1    | Entered Level 1 of the Elven Halls
 42460 | Elf:1    | Reached skill level 23 in Dodging
 42577 | Elf:1    | Found Alog's Alliterative Armaments.
 43497 | Elf:2    | Found a huge runed translucent gate.
 43497 | Elf:2    | Found a huge runed translucent gate.
 43497 | Elf:2    | Found a huge runed translucent gate.
 43497 | Elf:2    | Found a huge runed translucent gate.
 43498 | Elf:2    | Found a huge runed translucent gate.
 43573 | Elf:2    | Reached XP level 19. HP: 97/108 MP: 20/22
 43761 | Elf:2    | You pick up a book of the Earth and begin reading...
 43761 | Elf:2    | You add the spells Leda's Liquefaction, Lee's Rapid
                  | Deconstruction and Bombard to your library.
 43815 | Elf:2    | You pick up a book of Touch and begin reading...
 43815 | Elf:2    | You add the spells Kiss of Death, Confusing Touch and
                  | Dispel Undead to your library.
 43986 | Elf:2    | Found Vibluhaew's Distillery.
 44001 | Elf:2    | Bought a potion of heal wounds for 70 gold pieces
 44001 | Elf:2    | Bought a potion of cancellation for 112 gold pieces
 44001 | Elf:2    | Bought 2 potions of invisibility for 224 gold pieces
 44911 | Elf:1    | Learned a level 2 spell: Blink
 45002 | Elf:2    | Reached skill level 1 in Translocations
 45190 | Elf:2    | Reached skill level 2 in Translocations
 45338 | Elf:2    | Reached skill level 3 in Translocations
 45346 | Elf:2    | Reached skill level 10 in Armour
 45538 | Elf:3    | Entered Level 3 of the Elven Halls
 45564 | Elf:3    | Found Osifreit's Jewellery Emporium.
 45565 | Elf:3    | Found Loklikev's Book Shop.
 45577 | Elf:3    | Found Maeqo's Jewellery Emporium.
 45792 | Elf:3    | Reached skill level 4 in Translocations
 45917 | Elf:3    | Paralysed by an air elemental for 1 turns
 45989 | Elf:3    | Noticed Asterion
 46172 | Elf:2    | Found a radiant altar of Vehumet.
 46185 | Elf:2    | You pick up a book of the Spheres and begin reading...
 46185 | Elf:2    | You add the spells Iskenderun's Battlesphere, Fireball and
                  | Conjure Ball Lightning to your library.
 46225 | Elf:3    | Reached skill level 5 in Translocations
 46233 | Elf:3    | Noticed Donald
 46240 | Elf:3    | Reached skill level 2 in Spellcasting
 46794 | Elf:3    | Reached skill level 20 in Ranged Weapons
 47119 | Elf:3    | Reached skill level 6 in Translocations
 47345 | Elf:2    | Killed Asterion
 47509 | Elf:3    | Killed Donald
 47510 | Elf:3    | Reached skill level 3 in Spellcasting
 47681 | Elf:3    | Noticed a Tzitzimitl
 47829 | Elf:3    | Noticed a Brimstone Fiend
 48341 | Elf:2    | Reached skill level 7 in Translocations
 48488 | Elf:3    | Identified the staff "Huwutugh" {Str+3 Earth}
 48716 | Elf:3    | Reached skill level 24 in Dodging
 48721 | Elf:3    | Reached skill level 8 in Translocations
 48728 | Elf:3    | Reached skill level 4 in Spellcasting
 49529 | Elf:3    | Reached skill level 5 in Spellcasting
 49616 | Elf:3    | Identified the ring of Giuhuf {rN+ EV+5}
 49619 | Elf:3    | Identified the ring of the Pariah {rElec Will+ rCorr Dex+5}
 49925 | Elf:3    | You add the spells Tukima's Dance and Anguish to your
                  | library.
 49925 | Elf:3    | Got Tynes's Disquisition on Glamour
 49953 | Elf:3    | You add the spells Gell's Gravitas, Teleport Other and
                  | Dispersal to your library.
 49966 | Elf:3    | You add the spells Lesser Beckoning, Summon Ice Beast,
                  | Manifold Assault and Metabolic Englaciation to your
                  | library.
 49966 | Elf:3    | Got the Enchiridion on Cold Superposition
 49969 | Elf:3    | You pick up a book of Geomancy and begin reading...
 49969 | Elf:3    | You add the spells Sandblast, Passwall and Stone Arrow to
                  | your library.
 49981 | Elf:3    | You pick up a book of Spontaneous Combustion and begin
                  | reading...
 49981 | Elf:3    | You add the spells Irradiate and Ignition to your library.
 49983 | Elf:3    | You pick up a book of Lightning and begin reading...
 50246 | Vaults:1 | Entered Level 1 of the Vaults
 50271 | Vaults:1 | Reached skill level 6 in Spellcasting
 50730 | Vaults:1 | Found Udatinet's Weapon Shop.
 50949 | Vaults:1 | Reached skill level 25 in Dodging
 51095 | Vaults:1 | Reached XP level 20. HP: 113/113 MP: 30/30
 51614 | Vaults:1 | Learned a level 4 spell: Dimensional Bullseye
 51700 | Vaults:1 | Reached skill level 1 in Alchemy
 51706 | Vaults:1 | Reached skill level 4 in Hexes
 51989 | Vaults:1 | Found Ituiw's Weapon Boutique.
 51998 | Vaults:1 | Reached skill level 2 in Alchemy
 52325 | Vaults:2 | Found Wifoes's Weapon Emporium.
 52395 | Vaults:2 | Found a staircase to the Crypt.
 52395 | Vaults:2 | Found a basalt altar of Yredelemnul.
 52395 | Vaults:2 | Found an ancient bone altar of Kikubaaqudgha.
 52495 | Vaults:2 | Reached skill level 5 in Hexes
 52498 | Vaults:2 | Reached skill level 3 in Alchemy
 52866 | Vaults:2 | Reached skill level 4 in Alchemy
 52873 | Vaults:2 | Reached skill level 6 in Hexes
 53012 | Vaults:2 | Identified the +0 war axe "Ymosy" {protect, Dex+5}
 53321 | Vaults:2 | Reached skill level 16 in Fighting
 53979 | Vaults:3 | Reached skill level 5 in Alchemy
 54042 | Vaults:3 | Reached skill level 7 in Hexes
 54375 | Vaults:3 | You fall into a shaft and drop 1 floor!
 54806 | Vaults:4 | Reached skill level 8 in Hexes
 55004 | Vaults:4 | Reached skill level 9 in Hexes
 55133 | Vaults:4 | Noticed Zenata
 55764 | Vaults:4 | Identified a scroll of acquirement
 55765 | Vaults:4 | Acquired 1093 gold pieces
 55984 | Vaults:3 | Reached skill level 10 in Hexes
 56051 | Vaults:3 | You pick up a book of Death and begin reading...
 56051 | Vaults:3 | You add the spells Animate Dead, Haunt and Infestation to
                  | your library.
 56157 | Vaults:3 | Reached XP level 21. HP: 121/121 MP: 31/31
 56877 | Vaults:4 | Identified the +5 arbalest of Vokofev {penet, Int+2 SInv}
 56942 | Vaults:4 | Reached skill level 17 in Fighting
 57024 | Vaults:4 | Reached skill level 11 in Hexes
 57150 | Vaults:4 | Paralysed by a formless jellyfish for 1 turns
 57357 | Vaults:4 | HP: 25/117 [+5 trident of protection[Zenata] (11)]
 57846 | Depths:1 | Entered Level 1 of the Depths
 58226 | Depths:1 | Reached skill level 12 in Hexes
 58472 | Depths:1 | Found a gateway to Hell.
 58583 | Depths:1 | Found an ancient bone altar of Kikubaaqudgha.
 58909 | Depths:1 | Reached skill level 18 in Fighting
 59140 | Depths:1 | Found a sacrificial altar of Ru.
 59402 | Depths:1 | the Enchantress comes into view. She is wielding a +1 quick
                  | blade of protection, wearing the +6 faerie dragon scales
                  | {rCorr Stlth+} and wearing a +0 buckler of reflection.
 59402 | Depths:1 | Noticed the Enchantress
 59574 | Depths:1 | HP: 29/121 [vampire mage/+0 battleaxe (10)]
 59793 | Elf:3    | Bought the Spellbook of Anemomancy and Hermetica for 720
                  | gold pieces
 59793 | Elf:3    | You add the spells Freezing Cloud, Yara's Violent
                  | Unravelling and Sculpt Simulacrum to your library.
 59799 | Elf:3    | Learned a level 5 spell: Yara's Violent Unravelling
 60450 | D:15     | Aim: the Enchantress, wielding a +1 quick blade of
                  | protection, wearing the +6 faerie dragon scales {rCorr
                  | Stlth+} and wearing a +0 buckler of reflection (repelling
                  | missiles, reflecting blocked projectiles, umbra)
 60450 | D:15     | Aim: the Enchantress, wielding a +1 quick blade of
                  | protection, wearing the +6 faerie dragon scales {rCorr
                  | Stlth+} and wearing a +0 buckler of reflection (repelling
                  | missiles, reflecting blocked projectiles, umbra)
 60450 | D:15     | Aim: the Enchantress, wielding a +1 quick blade of
                  | protection, wearing the +6 faerie dragon scales {rCorr
                  | Stlth+} and wearing a +0 buckler of reflection (repelling
                  | missiles, reflecting blocked projectiles, umbra)
 60450 | D:15     | Aim: the Enchantress, wielding a +1 quick blade of
                  | protection, wearing the +6 faerie dragon scales {rCorr
                  | Stlth+} and wearing a +0 buckler of reflection (repelling
                  | missiles, reflecting blocked projectiles, umbra)
 60526 | D:15     | Aim: the Enchantress, wielding a +1 quick blade of
                  | protection, wearing the +6 faerie dragon scales {rCorr
                  | Stlth+} and wearing a +0 buckler of reflection (wandering,
                  | repelling missiles, reflecting blocked projectiles, hasn't
                  | noticed you, umbra)
 60526 | D:15     | Aim: the Enchantress, wielding a +1 quick blade of
                  | protection, wearing the +6 faerie dragon scales {rCorr
                  | Stlth+} and wearing a +0 buckler of reflection (wandering,
                  | repelling missiles, reflecting blocked projectiles, hasn't
                  | noticed you, umbra)
 60527 | D:15     | Aim: the Enchantress, wielding a +1 quick blade of
                  | protection, wearing the +6 faerie dragon scales {rCorr
                  | Stlth+} and wearing a +0 buckler of reflection (repelling
                  | missiles, reflecting blocked projectiles, umbra)
 60527 | D:15     | Aim: the Enchantress, wielding a +1 quick blade of
                  | protection, wearing the +6 faerie dragon scales {rCorr
                  | Stlth+} and wearing a +0 buckler of reflection (repelling
                  | missiles, reflecting blocked projectiles, umbra)
 60527 | D:15     | Aim: the Enchantress, wielding a +1 quick blade of
                  | protection, wearing the +6 faerie dragon scales {rCorr
                  | Stlth+} and wearing a +0 buckler of reflection (repelling
                  | missiles, reflecting blocked projectiles, umbra)
 60589 | D:15     | Aim: the Enchantress, wielding a +1 quick blade of
                  | protection, wearing the +6 faerie dragon scales {rCorr
                  | Stlth+} and wearing a +0 buckler of reflection (repelling
                  | missiles, reflecting blocked projectiles, umbra)
 60589 | D:15     | Aim: the Enchantress, wielding a +1 quick blade of
                  | protection, wearing the +6 faerie dragon scales {rCorr
                  | Stlth+} and wearing a +0 buckler of reflection (repelling
                  | missiles, reflecting blocked projectiles, umbra)
 60589 | D:15     | Aim: the Enchantress, wielding a +1 quick blade of
                  | protection, wearing the +6 faerie dragon scales {rCorr
                  | Stlth+} and wearing a +0 buckler of reflection (repelling
                  | missiles, reflecting blocked projectiles, umbra)
 60592 | D:15     | Aim: the Enchantress, wielding a +1 quick blade of
                  | protection, wearing the +6 faerie dragon scales {rCorr
                  | Stlth+} and wearing a +0 buckler of reflection (lightly
                  | wounded, fast, misshapen and mutated, reflecting blocked
                  | projectiles, umbra)
 60592 | D:15     | Aim: the Enchantress, wielding a +1 quick blade of
                  | protection, wearing the +6 faerie dragon scales {rCorr
                  | Stlth+} and wearing a +0 buckler of reflection (lightly
                  | wounded, fast, misshapen and mutated, reflecting blocked
                  | projectiles, umbra)
 60592 | D:15     | Aim: the Enchantress, wielding a +1 quick blade of
                  | protection, wearing the +6 faerie dragon scales {rCorr
                  | Stlth+} and wearing a +0 buckler of reflection (lightly
                  | wounded, fast, misshapen and mutated, reflecting blocked
                  | projectiles, umbra)
 60614 | D:15     | Aim: the Enchantress, wielding a +1 quick blade of
                  | protection, wearing the +6 faerie dragon scales {rCorr
                  | Stlth+} and wearing a +0 buckler of reflection (severely
                  | wounded, fast, repelling missiles, misshapen and mutated,
                  | reflecting blocked projectiles, umbra)
 60614 | D:15     | Aim: the Enchantress, wielding a +1 quick blade of
                  | protection, wearing the +6 faerie dragon scales {rCorr
                  | Stlth+} and wearing a +0 buckler of reflection (severely
                  | wounded, fast, repelling missiles, misshapen and mutated,
                  | reflecting blocked projectiles, umbra)
 60626 | D:15     | Aim: the Enchantress, wielding a +1 quick blade of
                  | protection, wearing the +6 faerie dragon scales {rCorr
                  | Stlth+} and wearing a +0 buckler of reflection (severely
                  | wounded, fast, repelling missiles, misshapen and mutated,
                  | reflecting blocked projectiles, umbra)
 60626 | D:15     | Aim: the Enchantress, wielding a +1 quick blade of
                  | protection, wearing the +6 faerie dragon scales {rCorr
                  | Stlth+} and wearing a +0 buckler of reflection (severely
                  | wounded, fast, repelling missiles, misshapen and mutated,
                  | reflecting blocked projectiles, umbra)
 60626 | D:15     | Aim: the Enchantress, wielding a +1 quick blade of
                  | protection, wearing the +6 faerie dragon scales {rCorr
                  | Stlth+} and wearing a +0 buckler of reflection (severely
                  | wounded, fast, repelling missiles, misshapen and mutated,
                  | reflecting blocked projectiles, umbra)
 60654 | D:15     | Aim: the Enchantress, wielding a +1 quick blade of
                  | protection, wearing the +6 faerie dragon scales {rCorr
                  | Stlth+} and wearing a +0 buckler of reflection (severely
                  | wounded, fast, repelling missiles, misshapen and mutated,
                  | reflecting blocked projectiles, umbra)
 60654 | D:15     | Aim: the Enchantress, wielding a +1 quick blade of
                  | protection, wearing the +6 faerie dragon scales {rCorr
                  | Stlth+} and wearing a +0 buckler of reflection (severely
                  | wounded, fast, repelling missiles, misshapen and mutated,
                  | reflecting blocked projectiles, umbra)
 60654 | D:15     | Aim: the Enchantress, wielding a +1 quick blade of
                  | protection, wearing the +6 faerie dragon scales {rCorr
                  | Stlth+} and wearing a +0 buckler of reflection (severely
                  | wounded, fast, repelling missiles, misshapen and mutated,
                  | reflecting blocked projectiles, umbra)
 60659 | D:15     | Aim: the Enchantress, wielding a +1 quick blade of
                  | protection, wearing the +6 faerie dragon scales {rCorr
                  | Stlth+} and wearing a +0 buckler of reflection (severely
                  | wounded, misshapen and mutated, reflecting blocked
                  | projectiles, umbra, 42% to hit)
 60659 | D:15     | Aim: the Enchantress, wielding a +1 quick blade of
                  | protection, wearing the +6 faerie dragon scales {rCorr
                  | Stlth+} and wearing a +0 buckler of reflection (severely
                  | wounded, misshapen and mutated, reflecting blocked
                  | projectiles, umbra, 42% to hit)
 60660 | D:15     | Aim: the Enchantress, wielding a +1 quick blade of
                  | protection, wearing the +6 faerie dragon scales {rCorr
                  | Stlth+} and wearing a +0 buckler of reflection (almost
                  | dead, misshapen and mutated, reflecting blocked
                  | projectiles, umbra, 42% to hit)
 60660 | D:15     | Aim: the Enchantress, wielding a +1 quick blade of
                  | protection, wearing the +6 faerie dragon scales {rCorr
                  | Stlth+} and wearing a +0 buckler of reflection (almost
                  | dead, misshapen and mutated, reflecting blocked
                  | projectiles, umbra, 42% to hit)
 60664 | D:15     | Aim: the Enchantress, wielding a +1 quick blade of
                  | protection, wearing the +6 faerie dragon scales {rCorr
                  | Stlth+} and wearing a +0 buckler of reflection (almost
                  | dead, misshapen and mutated, reflecting blocked
                  | projectiles, umbra, 42% to hit)
 60664 | D:15     | Aim: the Enchantress, wielding a +1 quick blade of
                  | protection, wearing the +6 faerie dragon scales {rCorr
                  | Stlth+} and wearing a +0 buckler of reflection (almost
                  | dead, misshapen and mutated, reflecting blocked
                  | projectiles, umbra, 42% to hit)
 60665 | D:15     | Aim: the Enchantress, wielding a +1 quick blade of
                  | protection, wearing the +6 faerie dragon scales {rCorr
                  | Stlth+} and wearing a +0 buckler of reflection (almost
                  | dead, misshapen and mutated, reflecting blocked
                  | projectiles, umbra, 42% to hit)
 60665 | D:15     | Aim: the Enchantress, wielding a +1 quick blade of
                  | protection, wearing the +6 faerie dragon scales {rCorr
                  | Stlth+} and wearing a +0 buckler of reflection (almost
                  | dead, misshapen and mutated, reflecting blocked
                  | projectiles, umbra, 42% to hit)
 60666 | D:15     | Aim: the Enchantress, wielding a +1 quick blade of
                  | protection, wearing the +6 faerie dragon scales {rCorr
                  | Stlth+} and wearing a +0 buckler of reflection (almost
                  | dead, misshapen and mutated, reflecting blocked
                  | projectiles, umbra, 42% to hit)
 60666 | D:15     | Aim: the Enchantress, wielding a +1 quick blade of
                  | protection, wearing the +6 faerie dragon scales {rCorr
                  | Stlth+} and wearing a +0 buckler of reflection (almost
                  | dead, misshapen and mutated, reflecting blocked
                  | projectiles, umbra, 42% to hit)
 60666 | D:15     | Killed the Enchantress
 60669 | D:15     | a +1 quick blade of protection {rare}; a +0 buckler of
                  | reflection
 60992 | Depths:1 | a +0 buckler; a +0 robe of fire resistance; a +2 quick
                  | blade of draining {rare}
 60993 | Depths:1 | a +2 buckler; a +0 robe; a +1 quick blade of holy wrath
                  | {rare}
 60994 | Depths:1 | a +0 buckler; a +0 robe of fire resistance; a +2 quick
                  | blade of draining {rare}
 62046 | Depths:2 | Identified the amulet of Plog {Faith Rampage +Inv Int+4
                  | Stlth+}
 62079 | Depths:2 | Found a one-way gateway to a ziggurat.
 62209 | Depths:2 | Reached XP level 22. HP: 105/129 MP: 28/32
 62616 | Depths:2 | Identified the ring of Dopin {rF+ AC+4 Int+4}
 62616 | Depths:2 | Identified the ring "Umporghab" {rElec rN+ rCorr MP+9
                  | Int+2}
 62829 | Depths:2 | Found a glowing silver altar of Zin.
 62888 | Depths:2 | Found a one-way gate leading to the halls of Pandemonium.
 62893 | Depths:2 | Reached skill level 26 in Dodging
 63149 | Depths:3 | Paralysed by an air elemental for 1 turns
 63811 | Depths:3 | Reached skill level 21 in Ranged Weapons
 63992 | Depths:3 | Reached skill level 19 in Fighting
 64169 | Depths:3 | Paralysed by an air elemental for 1 turns
 64886 | Depths:3 | Identified the scarf "Fixumutu" {+Inv, Dex+2}
 65162 | Depths:3 | Identified the -1 cloak of Vexation {Rampage rN+ Int+2}
 65205 | Depths:3 | Found a one-way gate to the infinite horrors of the Abyss.
 65390 | Depths:3 | a +5 quick blade {rare}; a +0 robe; a +1 buckler of fire
                  | resistance
 65797 | Depths:3 | Identified the ring "Weunwo" {rC+ Str+6}
 65975 | Depths:3 | a +5 quick blade {rare}; a +0 robe; a +1 buckler of fire
                  | resistance
 66094 | Depths:4 | Entered Level 4 of the Depths
 66547 | Depths:4 | Found a gate to the Realm of Zot.
 66960 | Depths:4 | Reached skill level 27 in Dodging
 67061 | Depths:4 | Noticed a caustic shrike
 67061 | Depths:4 | Noticed a caustic shrike
 67061 | Depths:4 | Noticed a caustic shrike
 67489 | Depths:4 | Reached XP level 23. HP: 96/135 MP: 31/33
 67908 | Depths:4 | Killed a caustic shrike
 67911 | Depths:4 | Killed a caustic shrike
 67916 | Depths:4 | Killed a caustic shrike
 68371 | Slime:1  | Entered Level 1 of the Pits of Slime
 68379 | Slime:1  | Gained mutation: Armour fits poorly on your strangely
                  | shaped body. [a shining eye]
 68381 | Slime:1  | Reached skill level 22 in Ranged Weapons
 68464 | Slime:1  | Paralysed by a formless jellyfish for 1 turns
 69143 | Slime:3  | Gained mutation: You are vulnerable to heat. (rF-) [a
                  | shining eye]
 69255 | Slime:2  | Reached skill level 20 in Fighting
 69683 | Slime:3  | Paralysed by a formless jellyfish for 1 turns
 69992 | Slime:4  | Gained mutation: You are frail. (-10% HP) [a shining eye]
 69998 | Slime:4  | Gained mutation: You are weak. (Str -2) [a shining eye]
 70556 | Slime:5  | Entered Level 5 of the Pits of Slime
 70728 | Slime:5  | Paralysed by a formless jellyfish for 1 turns
 71467 | Slime:5  | Noticed the Royal Jelly
 71528 | Slime:5  | Killed the Royal Jelly
 71586 | Slime:4  | Reached skill level 23 in Ranged Weapons
 71815 | Slime:5  | Identified the +3 battleaxe of Arbitration {freeze, rPois
                  | Dex+3 Stlth-}
 71832 | Slime:5  | Found the +10 zealot's sword {holy, Zealotry, *Rage rN+
                  | EV+3}
 71834 | Slime:5  | Identified the +7 shortbow "Demonbane" {freeze, rN+ Str-2
                  | Dex+5}
 71836 | Slime:5  | Got a slimy rune of Zot
 71855 | Slime:5  | Identified the +8 great sword of Tupnuf {freeze, ^Drain
                  | Will+++ Dex+8}
 71899 | Slime:5  | You pick up a book of Misfortune and begin reading...
 71935 | Slime:5  | You add the spells Martyr's Knell and Death's Door to your
                  | library.
 71935 | Slime:5  | Got the Textbook on Feathers and Bones
 72546 | D:11     | Lost mutation: You are vulnerable to heat. (rF-) [potion of
                  | mutation]
 72546 | D:11     | Lost mutation: Armour fits poorly on your strangely shaped
                  | body. [potion of mutation]
 72546 | D:11     | Lost mutation: You are weak. (Str -2) [potion of mutation]
 72546 | D:11     | Gained mutation: You are agile. (Dex +4, Str/Int -1)
                  | [potion of mutation]
 72546 | D:11     | Gained mutation: You are very frail. (-20% HP) [potion of
                  | mutation]
 72549 | D:11     | Lost mutation: You are very frail. (-20% HP) [potion of
                  | mutation]
 72549 | D:11     | Lost mutation: You are frail. (-10% HP) [potion of
                  | mutation]
 72549 | D:11     | Gained mutation: You are partially covered in iridescent
                  | scales. (AC +2) [potion of mutation]
 72549 | D:11     | Gained mutation: Your spells are a little harder to cast,
                  | but a little more powerful. [potion of mutation]
 72558 | D:11     | Learned a level 7 spell: Enfeeble
 72773 | Crypt:1  | Entered Level 1 of the Crypt
 72915 | Crypt:1  | Noticed a curse skull
 73436 | Crypt:1  | Killed a curse skull
 73671 | Crypt:1  | Identified the ring of Peymakh {Ice Will- Str+4 Int+4 SInv}
 73671 | Crypt:1  | Noticed Josephina
 73885 | Crypt:1  | Killed Josephina
 74309 | Crypt:2  | Found a runed translucent gate.
 74311 | Crypt:2  | Found a runed translucent gate.
 74311 | Crypt:2  | Found a runed translucent gate.
 74312 | Crypt:2  | Found an opulent altar of Gozag.
 74314 | Crypt:2  | Noticed a curse skull
 74316 | Crypt:2  | Noticed Fainec's ghost (veteran GrEE)
 74351 | Crypt:2  | Noticed Vv
 74366 | Crypt:2  | Reached skill level 13 in Hexes
 74367 | Crypt:2  | Reached XP level 24. HP: 144/144 MP: 33/33
 74514 | Crypt:2  | Noticed an ancient lich
 74528 | Crypt:2  | Killed an ancient lich
 75264 | Crypt:2  | Reached skill level 14 in Hexes
 75347 | Crypt:2  | Noticed Margery
 75395 | Crypt:2  | Killed Margery
 75428 | Crypt:2  | a +1 demon blade of flaming; +0 shadow dragon scales {rare}
 75543 | Crypt:3  | Entered Level 3 of the Crypt
 75845 | Crypt:3  | Reached skill level 21 in Fighting
 75995 | Crypt:3  | Noticed a curse toe
 76019 | Crypt:3  | HP: 34/145 [??? (21)]
 76041 | Crypt:3  | Killed a curse toe
 76051 | Crypt:3  | Reached skill level 15 in Hexes
 76178 | Crypt:3  | You pick up a book of Spatial Translocations and begin
                  | reading...
 76240 | Crypt:3  | Found a staircase to the Tomb.
 76383 | Crypt:3  | Found the +5 scythe "Finisher" {speed, execute}
 76415 | Crypt:3  | Noticed Mennas
 76924 | Crypt:3  | Noticed a dread lich
 76954 | Crypt:3  | Noticed Sojobo
 77736 | Depths:3 | a +1 buckler of fire resistance; a +0 robe; a +5 quick
                  | blade {rare}
 78040 | Vaults:5 | Entered Level 5 of the Vaults
 78062 | Vaults:5 | Reached skill level 1 in Shields
 78071 | Vaults:5 | Noticed an ancient lich
 78091 | Vaults:5 | HP: 35/145 [titan/bolt of lightning (17)]
 78097 | Vaults:5 | HP: 31/145 [yaktaur captain/bolt (21)]
 78099 | Vaults:5 | Noticed an ancient lich
 78437 | Zot:1    | Entered Level 1 of the Realm of Zot
 78591 | Zot:1    | Reached skill level 2 in Shields
 78738 | Zot:1    | Reached skill level 3 in Shields
 78950 | Zot:1    | Reached skill level 4 in Shields
 79210 | Zot:1    | Reached skill level 5 in Shields
 79586 | Zot:2    | Noticed an electric golem
 79621 | Zot:2    | Identified +0 gold dragon scales
 79622 | Zot:2    | Reached skill level 6 in Shields
 79790 | Zot:2    | +0 gold dragon scales {rare}; a golden dragon corpse
 79801 | Zot:2    | You pick up a book of Fire and begin reading...
 79801 | Zot:2    | You add the spells Foxfire and Starburst to your library.
 79811 | Zot:2    | +0 gold dragon scales {rare}; a golden dragon corpse
 79905 | Zot:1    | Reached skill level 7 in Shields
 79982 | Zot:2    | Killed an electric golem
 80066 | Zot:2    | Reached XP level 25. HP: 133/149 MP: 33/33
 80132 | Zot:2    | Reached skill level 8 in Shields
 80744 | Zot:3    | Noticed a curse toe
 81007 | Zot:3    | Identified the +7 sling "Qoch" {freeze, rN+}
 81031 | Zot:3    | Reached skill level 24 in Ranged Weapons
 81472 | Zot:3    | HP: 36/150 [deathcap[a curse toe] (6)]
 81478 | Zot:2    | Killed a curse toe
 81749 | Zot:3    | Noticed an electric golem
 81757 | Zot:3    | Killed an electric golem
 81903 | Zot:3    | Noticed a Killer Klown
 81914 | Zot:3    | Killed a Killer Klown
 82227 | Zot:4    | Noticed a Killer Klown
 82232 | Zot:4    | Killed a Killer Klown
 82292 | Zot:4    | HP: 36/151 [white draconian stormcaller (29)]
 82308 | Zot:4    | HP: 28/151 [quicksilver dragon/bolt of dispelling energy
                  | (31)]
 82540 | Zot:4    | Noticed an orb of fire
 82547 | Zot:4    | Killed an orb of fire
 82773 | Zot:4    | Identified +0 gold dragon scales
 82787 | Zot:4    | Reached skill level 22 in Fighting
 82917 | Zot:4    | Noticed an electric golem
 82923 | Zot:4    | Killed an electric golem
 82977 | Zot:4    | Noticed a curse toe
 82983 | Zot:4    | Killed a curse toe
 83212 | Zot:5    | Entered Level 5 of the Realm of Zot
 83581 | Zot:5    | You add the spells Ozocubu's Refrigeration and Discord to
                  | your library.
 83625 | Zot:5    | Reached skill level 25 in Ranged Weapons
 83776 | Zot:5    | Noticed a curse toe
 84336 | Zot:5    | Noticed a dread lich
 84366 | Zot:5    | Killed a dread lich
 84412 | Zot:5    | +0 storm dragon scales {rare}; a storm dragon corpse
 84442 | Zot:5    | +0 storm dragon scales {rare}; a storm dragon corpse
 84755 | Zot:5    | Reached XP level 26. HP: 158/158 MP: 33/33
 84897 | Zot:5    | Noticed an orb of fire
 84897 | Zot:5    | Noticed a dread lich
 84898 | Zot:5    | Noticed an orb of fire
 84924 | Zot:5    | Gained mutation: You have hidden genetic potential. [an orb
                  | of fire]
 84973 | Zot:5    | Killed an orb of fire
 85097 | Zot:5    | Noticed an orb of fire
 85337 | Zot:5    | Killed an orb of fire
 85575 | Zot:5    | Noticed an orb of fire
 85576 | Zot:5    | Lost mutation: Your spells are a little harder to cast, but
                  | a little more powerful. [an orb of fire]
 85584 | Zot:5    | Gained mutation: You are vulnerable to cold. (rC-) [an orb
                  | of fire]
 85585 | Zot:5    | Gained mutation: You are frail. (-10% HP) [an orb of fire]
 85594 | Zot:5    | Killed an orb of fire
 85599 | Zot:5    | Gained mutation: You are strong-willed. (Will+) [an orb of
                  | fire]
 85603 | Zot:5    | Killed an orb of fire
 85755 | Zot:5    | Noticed an electric golem
 85759 | Zot:5    | Killed an electric golem
 85840 | Zot:5    | Killed a dread lich
 85973 | Zot:5    | Lost mutation: You are vulnerable to cold. (rC-) [potion of
                  | mutation]
 85973 | Zot:5    | Lost mutation: You are partially covered in iridescent
                  | scales. (AC +2) [potion of mutation]
 85973 | Zot:5    | Lost mutation: You are strong-willed. (Will+) [potion of
                  | mutation]
 85974 | Zot:5    | Lost mutation: You are frail. (-10% HP) [potion of
                  | mutation]
 85974 | Zot:5    | Lost mutation: You have hidden genetic potential. [potion
                  | of mutation]
 85974 | Zot:5    | Gained mutation: Your flesh is cold resistant. (rC+)
                  | [potion of mutation]
 85974 | Zot:5    | Lost mutation: You are agile. (Dex +4, Str/Int -1) [potion
                  | of mutation]
 86056 | Zot:5    | You pick up a book of Winter and begin reading...
 86115 | Zot:5    | Reached skill level 23 in Fighting
 86170 | Zot:5    | Reached skill level 26 in Ranged Weapons
 86209 | Zot:5    | Noticed an orb of fire
 86215 | Zot:5    | Gained mutation: You occasionally lose the ability to read
                  | scrolls when taking damage. [an orb of fire]
 86223 | Zot:5    | Gained mutation: You sometimes lose the ability to read
                  | scrolls when taking damage. [an orb of fire]
 86421 | Zot:5    | Noticed an electric golem
 86483 | Zot:4    | Killed a curse toe
 86519 | Zot:4    | Killed an electric golem
 86709 | Zot:5    | Noticed an ancient lich
 86720 | Zot:5    | Killed an ancient lich
 86991 | Zot:5    | You pick up a book of Debilitation and begin reading...
 86991 | Zot:5    | You add the spells Slow and Vampiric Draining to your
                  | library.
 87002 | Zot:5    | Noticed a dread lich
 87032 | Zot:5    | +0 storm dragon scales {rare}; a storm dragon corpse
 87046 | Zot:5    | Killed a dread lich
 87066 | Zot:5    | Lost mutation: Your flesh is cold resistant. (rC+) [potion
                  | of mutation]
 87066 | Zot:5    | Lost mutation: You sometimes lose the ability to read
                  | scrolls when taking damage. [potion of mutation]
 87066 | Zot:5    | Gained mutation: You passively map a small area around you.
                  | [potion of mutation]
 87066 | Zot:5    | Gained mutation: You are partially covered in iridescent
                  | scales. (AC +2) [potion of mutation]
 87067 | Zot:5    | Lost mutation: You passively map a small area around you.
                  | [potion of mutation]
 87067 | Zot:5    | Lost mutation: You occasionally lose the ability to read
                  | scrolls when taking damage. [potion of mutation]
 87067 | Zot:5    | Gained mutation: Your system is resistant to poisons.
                  | (rPois) [potion of mutation]
 87067 | Zot:5    | Lost mutation: You are partially covered in iridescent
                  | scales. (AC +2) [potion of mutation]
 87067 | Zot:5    | Gained mutation: Your muscles are strong. (Str +4, Int/Dex
                  | -1) [potion of mutation]
 87067 | Zot:5    | Gained mutation: You expend magic power (3 MP) to
                  | strengthen your wands. [potion of mutation]
 87158 | Zot:5    | +0 shadow dragon scales {rare}; a shadow dragon corpse
 87236 | Zot:5    | Got the Orb of Zot
 87822 | D:6      | Noticed Vousom the pandemonium lord
 87955 | D:$      | Escaped with the Orb!

Vanquished Creatures
  the Royal Jelly (Slime:5)
  3 dread liches (Zot:5)
  2 ancient liches
  5 orbs of fire
  Josephina (Crypt:1)
  7 Killer Klowns
  Saint Roka (Orc:2)
  4 curse toes
  3 caustic shrikes (Depths:4)
  Margery (Crypt:2)
  Arachne (Spider:3)
  8 golden dragons
  the Enchantress (D:15)
  2 bone dragons
  5 electric golems
  Asterion (Elf:2)
  15 tentacled monstrosities
  Jorgrun (Swamp:1)
  A lich (Depths:2)
  2 deep elf blademasters
  26 Orb Guardians
  3 titans
  A searing wretch (Crypt:2)
  A deep elf master archer (Elf:3)
  6 quicksilver dragons
  A sphinx (shapeshifter) (Depths:3)
  20 acid blobs
  11 death cobs
  3 sphinxes
  8 ancient champions
  2 thorn hunters (Swamp:1)
  The ghost of iishen the Markscentaur, an adept CeHu of Okawaru (Spider:3)
  2 tengu reavers
  Kirke (D:14)
  Donald (Elf:3)
  11 shadow dragons
  12 storm dragons
  12 azure jellies
  3 fire giants (Depths:2)
  3 fenstrider witches
  4 protean progenitors
  10 rockslimes
  5 draconian monks
  4 revenants
  3 frost giants
  An azure jelly (shapeshifter) (Depths:3)
  4 draconian knights
  2 deep elf sorcerers (Elf:3)
  5 draconian shifters
  6 emperor scorpions
  9 ghost moths
  5 deep elf elementalists
  5 draconian stormcallers
  3 orc warlords
  10 vault wardens
  6 ghouls
  4 draconian scorchers
  5 draconian annihilators
  A curse skull (Crypt:1)
  15 ironbound preservers
  A reaper (Depths:1)
  15 quicksilver oozes
  4 spriggan defenders
  12 formless jellyfish
  The ghost of Cicylist the Cleaver, a journeyman FoFi of Okawaru (D:14)
  35 very ugly things
  A caustic shrike skeleton (Depths:1)
  11 stone giants
  4 ironbound thunderhulks
  A juggernaut skeleton (Depths:1)
  7 broodmothers
  13 deep elf death magi
  Nessos (D:14)
  11 vampire knights
  A stone giant (shapeshifter) (Depths:3)
  6 eleionomae
  5 deep elf demonologists (Elf:3)
  20 red draconians
  9 purple draconians
  8 deep elf annihilators
  7 war gargoyles
  10 yellow draconians
  3 dire elephants (Vaults:4)
  5 bunyips
  14 white draconians
  5 spark wasps
  10 green draconians
  Snorg (Lair:3)
  8 black draconians
  A broodmother (shapeshifter) (Depths:3)
  A green death (Swamp:4)
  2 blizzard demons
  15 ettins
  3 fire dragons
  6 crystal guardians
  2 eidola
  A merfolk javelineer (D:14)
  8 jiangshi
  4 deep elf high priests (Elf:3)
  A spectral spriggan (Depths:1)
  10 vault guards
  3 yaktaur captains
  3 rakshasas
  2 shambling mangroves (Swamp:4)
  13 great orbs of eyes
  Fannar (Lair:3)
  8 entropy weavers
  3 ice dragons
  2 peacekeepers
  A juggernaut simulacrum (Crypt:2)
  A spectral shadow dragon (Depths:1)
  10 alligators
  A fenstrider witch zombie (Crypt:3)
  6 jorogumos
  A hell beast (Depths:1)
  A spriggan skeleton (Depths:2)
  10 hydras
  Harold (D:9)
  2 spriggan air magi
  3 ghost crabs
  10 ironbound frosthearts
  4 catoblepae
  Erica (Lair:2)
  A radroach (Spider:4)
  8 boulder beetles
  11 centaur warriors
  40 dancing weapons
  3 ogre magi
  A hell hog (Depths:1)
  A spectral fire giant (Depths:1)
  15 two-headed ogres
  7 deep troll shamans
  A death yak (shapeshifter) (Depths:3)
  Urug (D:12)
  6 death yaks
  6 tengu warriors
  4 deep troll earth magi
  12 demonic crawlers
  8 vampire magi
  An azure jelly zombie (Crypt:3)
  2 occultists (Depths:2)
  4 spriggan berserkers
  7 sun demons (Depths:1)
  A titan skeleton (Depths:2)
  A titan zombie (Depths:1)
  18 deep elf knights
  3 soul eaters
  Sonja (D:10)
  A skyshark (shapeshifter) (Depths:3)
  10 hell knights
  7 pharaoh ants
  5 iron trolls
  A storm dragon skeleton (Crypt:2)
  A deep troll (shapeshifter) (Depths:3)
  A golden dragon zombie (Depths:1)
  A sixfirhy (Depths:2)
  6 goliath frogs
  2 glowing orange brains (shapeshifter) (Depths:3)
  3 shadow wraiths
  19 skeletal warriors
  11 orb spiders
  12 spriggan druids
  41 deep trolls
  3 obsidian statues (Depths:3)
  A swamp dragon (shapeshifter) (Depths:3)
  An anaconda zombie (Crypt:2)
  2 death drakes (Zot:5)
  9 deep elf archers
  6 lindwurms
  8 bog bodies
  A sun moth (Spider:3)
  6 swamp dragons
  4 flayed ghosts
  An orange crystal statue (Depths:3)
  7 arcanists
  5 glowing orange brains
  18 phantasmal warriors
  8 steelbarb worms
  A sea snake (shapeshifter) (Depths:3)
  25 deep elf pyromancers
  A wolf spider zombie (Crypt:1)
  A sphinx simulacrum (Depths:1)
  A golden dragon skeleton (Depths:1)
  10 ironbound convokers
  10 orc knights
  8 necromancers
  A harpy (Vaults:1)
  23 wolf spiders
  2 tengu skeletons (Depths:1)
  20 deep elf zephyrmancers
  4 orc sorcerers
  3 iron dragon zombies
  2 cyclopes
  A frost giant zombie (Crypt:2)
  A stone giant zombie (Depths:1)
  A faun (shapeshifter) (Vaults:1)
  10 elephants
  43 ugly things
  Maurice (D:11)
  4 shining eyes
  8 will-o-the-wisps
  3 manticores (D:14)
  A manticore (shapeshifter) (Depths:3)
  33 moths of wrath
  7 meliai
  4 iron dragon skeletons
  A moth of wrath (shapeshifter) (Vaults:4)
  2 smoke demons (Swamp:4)
  5 kobold blastminers
  A torpor snail (shapeshifter) (Depths:3)
  A rust devil (Zot:5)
  2 black mambas
  4 eyes of devastation
  3 molten gargoyles (Depths:3)
  13 vault sentinels
  A titan simulacrum (Crypt:1)
  2 orange demons (Swamp:4)
  A storm dragon simulacrum (Depths:1)
  7 torpor snails
  A red draconian zombie (Crypt:3)
  A rime drake (Lair:2)
  5 spriggan zombies (Depths:1)
  A dire elephant skeleton (Crypt:2)
  19 cane toads
  A black draconian zombie (Crypt:2)
  A pale draconian zombie (Crypt:3)
  8 komodo dragons
  An efreet (D:15)
  A kobold demonologist (D:14)
  4 tengu conjurers
  18 yaktaurs
  A yaktaur (shapeshifter) (Depths:3)
  A hellion (D:2)
  A tormentor (Depths:1)
  A catoblepas skeleton (Crypt:3)
  A green draconian skeleton (Crypt:1)
  A spectral glowing shapeshifter (Depths:1)
  3 trolls
  5 polar bears
  14 hornets
  3 bloated husks
  2 wind drakes (Depths:3)
  3 merfolk
  9 tyrant leeches
  A blink frog (shapeshifter) (Depths:3)
  2 tengu simulacra (Depths:1)
  Prince Ribbit (D:8)
  A glass eye (Slime:3)
  26 tarantellas
  A death drake skeleton (Crypt:2)
  A frost giant simulacrum (Depths:1)
  A snapping turtle (shapeshifter) (Depths:3)
  A sun moth zombie (Crypt:1)
  10 dream sheep
  31 jumping spiders
  A stone giant simulacrum (Depths:1)
  8 air elementals
  20 blink frogs
  132 slime creatures
  Sigmund (D:5)
  2 ettin skeletons (Crypt:2)
  A shadow (D:10)
  12 culicivoras
  6 water elementals
  13 spriggans
  3 wyverns
  2 hogs (D:14)
  A fire dragon skeleton (Crypt:3)
  2 wraiths
  An elf skeleton (Vaults:2)
  10 fire elementals
  3 wargs (Orc:2)
  51 redbacks
  25 yaks
  A naga simulacrum (Crypt:1)
  6 basilisks
  10 vampire mosquitoes
  4 chaos spawn (Swamp:4)
  Menkaure (D:5)
  Edmund (D:5)
  A harpy simulacrum (Crypt:1)
  A swamp worm (shapeshifter) (Depths:3)
  A two-headed ogre zombie (D:12)
  3 acid dragons
  20 swamp worms
  13 water moccasins
  A demonspawn zombie (Crypt:1)
  A naga skeleton (Crypt:3)
  Duvessa (D:5)
  A glowing shapeshifter skeleton (Depths:2)
  A cane toad zombie (Crypt:1)
  An ice beast (D:7)
  An ogre skeleton (Vaults:2)
  A spriggan simulacrum (Depths:1)
  A swamp drake (Swamp:2)
  A cane toad skeleton (Crypt:3)
  A merfolk skeleton (Crypt:2)
  46 orc warriors
  5 black bears
  A sky beast (shapeshifter) (Spider:1)
  14 laughing skulls
  14 ogres
  An elephant zombie (Crypt:2)
  21 wolves
  An elephant skeleton (Crypt:1)
  27 centaurs
  A lindwurm skeleton (Crypt:3)
  4 kobold brigands
  4 phantoms
  A human zombie (Vaults:2)
  12 bullfrogs
  A draconian skeleton (Crypt:2)
  A salamander skeleton (Crypt:2)
  A human skeleton (Vaults:2)
  A glowing shapeshifter simulacrum (Depths:1)
  5 scorpions
  A human simulacrum (Depths:1)
  10 earth elementals
  A necrophage (Crypt:3)
  A burial acolyte (D:8)
  Dowan (D:5)
  A troll zombie (D:12)
  17 killer bees
  A howler monkey (D:4)
  An electric eel (Spider:4)
  5 hounds
  3 jellies
  3 bombardier beetles (D:5)
  15 orc priests
  Ijyb (D:5)
  2 sleepcaps (D:3)
  An iguana (D:5)
  14 orc wizards
  6 ogre zombies (D:12)
  16 adders
  7 gnolls
  A steam dragon skeleton (Crypt:3)
  A swamp drake skeleton (Crypt:3)
  2 white imps
  4 ufetubi
  An iguana zombie (Crypt:3)
  A jelly zombie (Crypt:1)
  An adder zombie (D:8)
  12 dart slugs
  A ribbon worm (shapeshifter) (D:15)
  3 ribbon worms (D:3)
  89 orcs
  7 bats
  A bat skeleton (Crypt:1)
  8 endoplasms
  14 giant cockroaches
  2 gnoll zombies (D:12)
  8 goblins
  4 hobgoblins
  7 quokkas
  15 ball pythons
  25 frilled lizards
  A goblin skeleton (Crypt:2)
  A hobgoblin zombie (Crypt:3)
  2 jackal zombies (D:8)
  28 kobolds
  3 orc skeletons (D:12)
  20 orc zombies (D:12)
  A quokka skeleton (Crypt:1)
  4 rats
  An aspiring flesh (Zot:5)
  11 ball lightnings (Depths:3)
2402 creatures vanquished.

Vanquished Creatures (collateral kills)
  A golden dragon (Zot:2)
  A spriggan air mage (D:14)
  A moth of wrath (Zot:2)
3 creatures vanquished.

Vanquished Creatures (others)
  A draconian knight (Zot:4)
  A ghost moth (Spider:4)
  A very ugly thing (Depths:3)
  A war gargoyle (Depths:3)
  A spriggan zombie (Depths:2)
  An ice dragon (Depths:3)
  A deep elf knight (Elf:3)
  2 spriggan simulacra (Crypt:1)
  An orc sorcerer (Swamp:4)
  A tyrant leech (Swamp:4)
  2 humans (D:14)
  A fire elemental (Elf:1)
  A swamp worm (Swamp:1)
  2 centaurs
  A ball lightning (Depths:3)
  20 foxfires
38 creatures vanquished.

Grand Total: 2443 creatures vanquished

Table legend:
 A = Non-vault XP
 B = Vault XP
 C = Vault XP percentage of total XP
 D = Non-vault monster count
 E = Vault monster count
 F = Vault count percentage of total count
                 A         B        C        D         E       F
            +---------+---------+-------+---------+---------+-------
      Total |  840441 |  580026 |  40.8 |    1537 |     840 |  35.3
            +---------+---------+-------+---------+---------+-------
        D:1 |      50 |       0 |   0.0 |      29 |       0 |   0.0
        D:2 |     205 |       9 |   4.2 |      30 |       9 |  23.1
        D:3 |     101 |      89 |  46.8 |      19 |       6 |  24.0
        D:4 |     453 |       0 |   0.0 |      17 |       0 |   0.0
        D:5 |     825 |     823 |  49.9 |      24 |       6 |  20.0
        D:6 |     538 |      82 |  13.2 |      13 |       2 |  13.3
        D:7 |     548 |       0 |   0.0 |      12 |       0 |   0.0
        D:8 |    2052 |     794 |  27.9 |      27 |      12 |  30.8
        D:9 |     478 |     852 |  64.1 |       8 |       1 |  11.1
       D:10 |    1939 |     769 |  28.4 |      24 |       1 |   4.0
       D:11 |    9116 |    2945 |  24.4 |      26 |       6 |  18.8
       D:12 |    2502 |    1623 |  39.3 |      11 |      37 |  77.1
       D:13 |    6760 |     924 |  12.0 |      21 |       1 |   4.5
       D:14 |   10128 |   13868 |  57.8 |      24 |      42 |  63.6
       D:15 |   12864 |    6136 |  32.3 |      20 |       6 |  23.1
     Lair:1 |    6768 |    3206 |  32.1 |      29 |       8 |  21.6
     Lair:2 |    5085 |    1581 |  23.7 |      20 |       4 |  16.7
     Lair:3 |   12737 |    2575 |  16.8 |      33 |       7 |  17.5
     Lair:4 |    4492 |     643 |  12.5 |      19 |       3 |  13.6
     Lair:5 |   11280 |    7311 |  39.3 |      38 |      17 |  30.9
    Swamp:1 |   22116 |    1786 |   7.5 |      37 |       1 |   2.6
    Swamp:2 |   10591 |       0 |   0.0 |      17 |       0 |   0.0
    Swamp:3 |   15241 |    1294 |   7.8 |      32 |       1 |   3.0
    Swamp:4 |   15048 |   22355 |  59.8 |      26 |      40 |  60.6
   Spider:1 |   16872 |     987 |   5.5 |      42 |       2 |   4.5
   Spider:2 |   20033 |   10942 |  35.3 |      47 |      19 |  28.8
   Spider:3 |   17782 |   10978 |  38.2 |      38 |      13 |  25.5
   Spider:4 |   13159 |   20577 |  61.0 |      29 |      37 |  56.1
    Slime:1 |   17252 |       0 |   0.0 |      22 |       0 |   0.0
    Slime:2 |   12026 |       0 |   0.0 |      16 |       0 |   0.0
    Slime:3 |   15179 |       0 |   0.0 |      26 |       0 |   0.0
    Slime:4 |   21541 |    1304 |   5.7 |      51 |       2 |   3.8
    Slime:5 |    4323 |   23785 |  84.6 |      16 |      16 |  50.0
      Orc:1 |    5136 |    1233 |  19.4 |      42 |       7 |  14.3
      Orc:2 |    4916 |    7708 |  61.1 |      30 |      43 |  58.9
      Elf:1 |   21382 |    2520 |  10.5 |      35 |       5 |  12.5
      Elf:2 |    8287 |   26304 |  76.0 |      14 |      32 |  69.6
      Elf:3 |   14168 |   31243 |  68.8 |      22 |      29 |  56.9
   Vaults:1 |   23029 |   21211 |  47.9 |      37 |      37 |  50.0
   Vaults:2 |   19488 |    9887 |  33.7 |      36 |      17 |  32.1
   Vaults:3 |   13903 |    9628 |  40.9 |      21 |      15 |  41.7
   Vaults:4 |   30452 |   24386 |  44.5 |      35 |      29 |  45.3
   Vaults:5 |       0 |    5680 | 100.0 |       0 |       4 | 100.0
    Crypt:1 |   13902 |    5844 |  29.6 |      28 |       6 |  17.6
    Crypt:2 |   44796 |    9712 |  17.8 |      59 |       8 |  11.9
    Crypt:3 |   25177 |   12382 |  33.0 |      37 |      11 |  22.9
   Depths:1 |   32166 |   39011 |  54.8 |      45 |      58 |  56.3
   Depths:2 |   29912 |   25492 |  46.0 |      34 |      24 |  41.4
   Depths:3 |     803 |   68122 |  98.8 |       1 |     102 |  99.0
   Depths:4 |   38488 |   15373 |  28.5 |      35 |      14 |  28.6
      Zot:1 |   41770 |       0 |   0.0 |      37 |       0 |   0.0
      Zot:2 |   45238 |    6315 |  12.2 |      32 |       3 |   8.6
      Zot:3 |   40914 |    5405 |  11.7 |      35 |       5 |  12.5
      Zot:4 |   45840 |    5548 |  10.8 |      36 |       3 |   7.7
      Zot:5 |   50590 |  101976 |  66.8 |      43 |      44 |  50.6
      Sewer |       0 |     275 | 100.0 |       0 |      37 | 100.0
    Volcano |       0 |    6533 | 100.0 |       0 |       8 | 100.0
            +---------+---------+-------+---------+---------+-------

Skill      XL: |  1  2  3  4  5  6  7  8  9 10 11 12 13 14 15 16 17 18 19 20 21 22 23 24 25 26 |
---------------+-------------------------------------------------------------------------------+-----
Ranged Weapons | 3 4 5 6 8 10 12 13 15 18 19 20 21 23 25 26 | 26.4
Fighting       | 1 3 5 6 7 8 10 14 15 16 18 19 20 21 22 23 | 23.3
Stealth        | 3 6 8 11 12 15 | 15.0
Dodging        | 4 6 8 9 12 13 14 15 20 21 23 25 27 | 27.0
Armour         | 5 7 9 10 | 10.0
Translocations | 8 |  8.0
Spellcasting   | 6 |  6.0
Alchemy        | 5 |  5.0
Hexes          | 10 12 13 15 | 15.5
Shields        | 7 8 |  8.0
Fire Magic     | |  0.7

Action                     |  1- 3 |  4- 6 |  7- 9 | 10-12 | 13-15 | 16-18 | 19-21 | 22-24 | 25-27 || total
---------------------------+-------+-------+-------+-------+-------+-------+-------+-------+-------++-------
  Melee: Shortbow          |       |       |       |       |       |     1 |       |       |       ||     1
   Fire: Sling             |   107 |   276 |   353 |       |       |       |       |       |       ||   736
         Shortbow          |       |       |   109 |   199 |  1097 |  2164 |  1676 |       |       ||  5245
         Orcbow            |       |       |       |   660 |       |       |       |       |       ||   660
         Arbalest          |       |       |       |   164 |    74 |       |   716 |  1893 |       ||  2847
         Hand cannon       |       |       |       |       |       |       |       |   280 |   991 ||  1271
   Cast: Jinxbite          |       |    12 |    28 |     9 |       |     1 |       |       |       ||    50
         Yara's Violent Un |       |       |       |       |       |       |     9 |     8 |       ||    17
         Blink             |       |       |       |       |       |       |     1 |     3 |     4 ||     8
         Dimensional Bulls |       |       |       |       |       |       |       |       |     1 ||     1
 Invoke: Shadow Step       |       |       |       |       |       |       |       |     1 |       ||     1
  Evoke: Wand              |       |       |       |    13 |     1 |     5 |     8 |     5 |     5 ||    37
         Phantom mirror    |       |       |       |       |       |       |     1 |       |     1 ||     2
    Use: Scroll            |       |       |       |    11 |    16 |    16 |    13 |    17 |     2 ||    75
         Potion            |       |       |       |       |     2 |    12 |    10 |    17 |    10 ||    51
 Armour: Robe              |    18 |    37 |    66 |   128 |   171 |   487 |   348 |   190 |   163 ||  1608
         Acid dragon scale |       |       |       |       |       |       |    30 |   224 |       ||   254
  Dodge: Dodged            |    38 |    95 |   191 |   581 |   756 |  2637 |  2070 |  2051 |   577 ||  8996
  Block: Buckler           |       |       |       |       |       |       |       |    52 |   168 ||   220

Illustrated notes

Table legend:
 A = Kills in this place as a percentage of kills in the entire game.
 B = Kills by you in this place as a percentage of kills by you in the entire game.
 C = Kills by friends in this place as a percentage of kills by friends in the entire game.
 D = Other kills in this place as a percentage of other kills in the entire game.
 E = Experience gained in this place as a percentage of experience gained in the entire game.
 F = Experience gained in this place divided by the number of levels of this place that you have seen.
                   A       B       C       D       E      F
               +-------+-------+-------+-------+-------+----------------------
         Total | 100.0 | 100.0 | 100.0 | 100.0 | 100.0 | 24534.4
       Dungeon |  18.3 |  18.3 |  33.3 |   0.0 |   5.5 | 5188.1
          Lair |   7.5 |   7.5 |   0.0 |   0.0 |   3.9 | 11135.6
         Swamp |   6.5 |   6.5 |   0.0 |  10.0 |   6.2 | 22107.8
   Spider Nest |   9.5 |   9.5 |   0.0 |  10.0 |   7.8 | 27832.5
    Slime Pits |   6.3 |   6.3 |   0.0 |   0.0 |   6.7 | 19082.0
  Orcish Mines |   5.1 |   5.1 |   0.0 |  10.0 |   1.3 | 9496.5
   Elven Halls |   5.8 |   5.7 |   0.0 |  20.0 |   7.3 | 34634.7
        Vaults |   9.7 |   9.8 |   0.0 |   0.0 |  11.1 | 31532.8
         Crypt |   6.3 |   6.3 |   0.0 |  10.0 |   7.9 | 37271.0
        Depths |  13.2 |  13.1 |   0.0 |  30.0 |  17.6 | 62773.0
           Zot |  10.0 |  10.0 |  66.7 |  10.0 |  24.2 | 68810.6
         Sewer |   1.6 |   1.6 |   0.0 |   0.0 |   0.0 | 275.0
       Volcano |   0.3 |   0.3 |   0.0 |   0.0 |   0.5 | 6533.0
               +-------+-------+-------+-------+-------+----------------------

Table legend: (Time is in decaauts)
 A = Elapsed time spent in this place.
 B = Non-inter-level travel time spent in this place.
 C = Inter-level travel time spent in this place.
 D = Time resting spent in this place.
 E = Time spent auto-exploring this place.
 F = Levels seen in this place.
 G = Mean time per level.
                   A        B        C        D        E       F      G
               +--------+--------+--------+--------+--------+-----+--------+
         Total |  71252 |  64860 |   6392 |  19279 |  29781 |  58 | 1228.5 |
       Dungeon |  12831 |  11021 |   1810 |   1723 |   6568 |  15 |  855.4 |
        Temple |      8 |      1 |      7 |      0 |      0 |   1 |    8.0 |
          Lair |   5574 |   5042 |    532 |   1031 |   3020 |   5 | 1114.8 |
         Swamp |   5744 |   5443 |    301 |   2141 |   2145 |   4 | 1436.0 |
   Spider Nest |   8377 |   8031 |    346 |   3804 |   2394 |   4 | 2094.2 |
    Slime Pits |   3503 |   3290 |    213 |   1090 |   1398 |   5 |  700.6 |
  Orcish Mines |   3128 |   2779 |    349 |   1306 |    797 |   2 | 1564.0 |
   Elven Halls |   6646 |   6073 |    573 |   2281 |   2561 |   3 | 2215.3 |
        Vaults |   6567 |   5953 |    614 |   1178 |   3120 |   5 | 1313.4 |
         Crypt |   3219 |   2898 |    321 |    853 |   1192 |   3 | 1073.0 |
        Depths |   7852 |   7169 |    683 |   1460 |   3866 |   4 | 1963.0 |
           Zot |   7057 |   6419 |    638 |   2274 |   2354 |   5 | 1411.4 |
         Sewer |    458 |    458 |      0 |      0 |    296 |   1 |  458.0 |
       Volcano |    284 |    284 |      0 |    135 |     64 |   1 |  284.0 |
               +--------+--------+--------+--------+--------+-----+--------+

Top non-repeatable levels by time:
   Zot:5: 2993 daAuts
Spider:2: 2971 daAuts
   Elf:3: 2912 daAuts
   Elf:2: 2729 daAuts
Depths:3: 2640 daAuts
Vaults:4: 2151 daAuts
Depths:1: 2140 daAuts
Spider:4: 2069 daAuts
Depths:4: 1809 daAuts
 Swamp:4: 1806 daAuts
Spider:3: 1798 daAuts
   Orc:1: 1787 daAuts
Vaults:1: 1663 daAuts
    D:11: 1608 daAuts
    D:14: 1597 daAuts
